 Dungeon Crawl Stone Soup version 0.32-a0-422-g28b100f618 (webtiles) character file.

Game seed: 2321238318655412962

11876143 hikkokomori the Infernalist (level 27, 273/273 HPs)
             Began as a Mountain Dwarf Cinder Acolyte on Feb 21, 2024.
             Was an Initiate of Gozag.
             Escaped with the Orb
             ... and 15 runes on Feb 22, 2024!
             The game lasted 08:21:52 (139212 turns).

hikkokomori the Infernalist (MDCA)                Turns: 139212, Time: 08:21:53

Health: 273/273    AC: 50    Str: 32    XL:     27
Magic:  52/63      EV: 15    Int: 33    God:    Gozag
Gold:   11914      SH: 19    Dex:  4    Spells: 0/80 levels left

rFire   + + +        K - +4 consecrated labrys {holy, Valiant ^Fragile Fly SInv}
rCold   + + .        L - +5 Storm Queen's Shield {shock, Fly rElec}
rNeg    + + .        r - +12 gold dragon scales "Coywih" {Rampage rPois rF+ rC+ rN+ Str+2}
rPois   +            t - +3 crown of Dyrovepreva {rElec Int+2 SInv}
rElec   +            n - scarf of Rurearo {+Inv, rPois rF+ Regen+}
rCorr   .            f - +2 pair of gloves "Eraarghyo" {rN+ Str+2}
SInv    +            s - +2 pair of boots of Disaster {Will+ Regen+ Str+3}
Will    +++..        h - amulet "Ostrug" {RegenMP rElec MP+9 Str+4} Stlth
                     j - ring "Tagaes" {rF++ EV+5 Str+3 SInv Stlth-}
HPRegen 2.25/turn    I - +9 ring of slaying
MPRegen 0.78/turn

%: clarity, rampage
@: flying, studying 7 skills
A: runic magic, artefact enchanting, clarity, clever 1, cold resistance 1,
deterioration 1, inability to drink after injury 1, devolution 1
0: Orb of Zot
}: 15/15 runes: barnacled, slimy, silver, golden, iron, obsidian, icy, bone,
abyssal, demonic, glowing, magical, fiery, dark, gossamer
a: Renounce Religion, Evoke Invisibility, Potion Petition, Call Merchant, Bribe
Branch


You escaped.
You worshipped Gozag.
Gozag was extremely pleased with you.
You visited 18 branches of the dungeon, and saw 88 of its levels.
You visited Pandemonium 3 times, and saw 21 of its levels.
You visited the Abyss 4 times.
You visited 2 ziggurats (completing 1), and saw 46 of their levels.
You also visited: Trove, Ossuary, Gauntlet and Desolation.

You collected 82003 gold pieces.
You spent 14250 gold pieces at shops.
You paid 55839 gold pieces to Gozag.

Inventory:

Hand Weapons
 E - the +10 dark maul {heavy}
   (You found it on level 17 of a ziggurat)
 K - the +4 consecrated labrys (weapon) {holy, Valiant ^Fragile Fly SInv}
   (You found it in a treasure trove)

   Valiant:   It becomes more powerful as more dangerous foes come into view.
   SInv:      It lets you see invisible.
   Fly:       It grants you flight.
   ^Fragile:  It will be destroyed if unequipped.
 S - the +8 demon trident "Rift" {distort, reach+}
   (You found it on level 25 of a ziggurat)
 Z - the +8 storm bow {elec, penet}
   (You found it on level 7 of a ziggurat)
Missiles
 C - 7 throwing nets
Armour
 f - the +2 pair of gloves "Eraarghyo" (worn) {rN+ Str+2}
   (You found it on level 1 of the Shoals)

   Str+2:     It affects your strength (+2).
   rN+:       It protects you from negative energy.
 n - the scarf of Rurearo (worn) {+Inv, rPois rF+ Regen+}
   (You bought it in a shop on level 2 of the Depths)

   rF+:       It protects you from fire.
   rPois:     It protects you from poison Regen+: It increases your rate of
   health regeneration.
 r - the +12 gold dragon scales "Coywih" (worn) {Rampage rPois rF+ rC+ rN+ Str+2}
   (You bought it in a shop on level 1 of the Shoals)

   Str+2:     It affects your strength (+2).
   rF+:       It protects you from fire.
   rC+:       It protects you from cold.
   rPois:     It protects you from poison rN+: It protects you from negative
   energy.
   Rampage:   It bestows one free step when moving towards enemies.
 s - the +2 pair of boots of Disaster (worn) {Will+ Regen+ Str+3}
   (You acquired it on level 16 of a ziggurat)

   Str+3:     It affects your strength (+3).
   Will+:     It increases your willpower.
   Regen+:    It increases your rate of health regeneration.
 t - the +3 crown of Dyrovepreva (worn) {rElec Int+2 SInv}
   (You bought it in a shop on level 2 of the Depths)

   Int+2:     It affects your intelligence (+2).
   rElec:     It insulates you from electricity.
   SInv:      It lets you see invisible.
 L - the +5 Storm Queen's Shield (worn) {shock, Fly rElec}
   (You found it on level 13 of the Dungeon)

   Shock:     When it blocks an attack, it may electrocute the attacker.
   This works even against foes who are a short distance away.
   rElec:     It insulates you from electricity.
   Fly:       It grants you flight.
 V - the +3 pair of boots of Resilience {rN+ rCorr}
   (You found it in a treasure trove)

   rN+:       It protects you from negative energy.
   rCorr:     It protects you from acid and corrosion.
Jewellery
 h - the amulet "Ostrug" (around neck) {RegenMP rElec MP+9 Str+4}
   (You found it on level 5 of a ziggurat)

   [amulet of magic regeneration]

   RegenMP:   It increases your rate of magic regeneration.
   Str+4:     It affects your strength (+4).
   rElec:     It insulates you from electricity.
   MP+9:      It affects your magic capacity (+9).
 j - the ring "Tagaes" (left hand) {rF++ EV+5 Str+3 SInv Stlth-}
   (You bought it in a shop on level 1 of the Realm of Zot)

   [ring of evasion]

   EV+5:      It affects your evasion (+5).
   Str+3:     It affects your strength (+3).
   rF++:      It greatly protects you from fire.
   SInv:      It lets you see invisible.
   Stlth-:    It makes you less stealthy.
 k - the ring of the Mage {Wiz Archmagi}
   (You found it on level 27 of a ziggurat)

   [ring of wizardry]

   Wiz:       It improves your spell success rate.
   Archmagi:  It increases the power of your magical spells.
 o - a ring of the Octopus King {HP+2 MP+9 AC+2 EV+2 SH+2}
   (You found it on level 27 of a ziggurat)

   [ring of magical power]

   AC+2:      It affects your AC (+2).
   EV+2:      It affects your evasion (+2).
   HP+2:      It affects your health (+2).
   MP+9:      It affects your magic capacity (+9).
   SH+2:      It affects your SH (+2).
 w - the ring of Uboetiuqa {rElec rC+ Will+ EV+5 Str+3}
   (You found it on level 7 of the Iron City of Dis)

   [ring of evasion]

   EV+5:      It affects your evasion (+5).
   Str+3:     It affects your strength (+3).
   rC+:       It protects you from cold.
   rElec:     It insulates you from electricity.
   Will+:     It increases your willpower.
 B - the amulet "Jedghud" {Rampage ^Drain Regen+ Dex+5 SInv}
   (You took it off an efreet in Pandemonium)

   [amulet of regeneration]

   Dex+5:     It affects your dexterity (+5).
   SInv:      It lets you see invisible.
   Regen+:    It increases your rate of health regeneration.
   ^Drain:    It drains your maximum health when unequipped.
   Rampage:   It bestows one free step when moving towards enemies.
 I - a +9 ring of slaying (right hand)
 N - the ring "Xeot Osch" {Wiz rF+ Str+6}
   (You acquired it on level 9 of a ziggurat)

   [ring of wizardry]

   Wiz:       It improves your spell success rate.
   Str+6:     It affects your strength (+6).
   rF+:       It protects you from fire.
 W - the ring "Noashrit" {rF++ rC+ Str+5 Dex+3}
   (You found it in the Desolation of Salt)

   [ring of protection from cold]

   Str+5:     It affects your strength (+5).
   Dex+3:     It affects your dexterity (+3).
   rF++:      It greatly protects you from fire.
   rC+:       It protects you from cold.
Wands
 q - a wand of iceblast (148)
 z - a wand of flame (271)
 G - a wand of light (64)
 J - a wand of paralysis (118)
 O - a wand of digging (24)
 T - a wand of mindburst (134)
Scrolls
 e - 24 scrolls of fog
 l - 4 scrolls of blinking
 p - 31 scrolls of enchant weapon
 y - 19 scrolls of amnesia
 A - 18 scrolls of fear
 F - 46 scrolls of teleportation
 Q - 9 scrolls of revelation
 R - 3 scrolls of enchant armour
Potions
 b - 3 potions of might
 c - 10 potions of magic
 d - 19 potions of mutation
 g - 2 potions of brilliance
 m - a potion of cancellation
 u - 10 potions of curing
 x - 8 potions of heal wounds
 D - 5 potions of haste
 M - 6 potions of enlightenment
 P - 2 potions of invisibility
 U - 4 potions of ambrosia
 X - a potion of resistance
Miscellaneous
 a - a condenser vane
 i - a +1 figurine of a ziggurat
 v - a phantom mirror
 H - a phial of floods
 Y - a lightning rod (4/4)


   Skills:
 O Level 27 Fighting
 O Level 27 Axes
 - Level 3.0 Throwing
 O Level 27 Armour
 + Level 18.1 Dodging
 - Level 11.6 Stealth
 + Level 22.6 Shields
 O Level 27 Spellcasting
 O Level 27 Conjurations
 - Level 21.5 Necromancy
 - Level 2.0 Translocations
 O Level 27 Fire Magic
 + Level 19.7 Air Magic
 - Level 7.0 Alchemy
 - Level 16.0 Evocations
 - Level 23.0 Shapeshifting


You couldn't memorise any spells.
You knew the following spells:

 Your Spells              Type           Power      Damage    Failure   Level
a - Orb of Destruction    Conj           61%        9d15      0%          7
b - Swiftness             Air            100%       N/A       0%          3
c - Blink                 Tloc           100%       N/A       1%          2
d - Chain Lightning       Conj/Air       57%        3d76      5%          9
e - Vhi's Electric Charg  Tloc/Air       100%       N/A       1%          4
f - Mephitic Cloud        Conj/Alch/Air  100%       N/A       0%          3
g - Olgreb's Toxic Radia  Alch           74%        N/A       1%          4
h - Ignite Poison         Fire/Alch      100%       N/A       0%          4
i - Ignition              Fire           61%        3d16      1%          8
j - Fireball              Conj/Fire      61%        3d23      0%          5
k - Irradiate             Conj/Alch      51%        3d28      1%          5
l - Death Channel         Necr           56%        N/A       1%          6
m - Fire Storm            Conj/Fire      61%        8d15      1%          9
n - Fugue of the Fallen   Necr           100%       N/A       0%          3
o - Borgnjor's Revivific  Necr           56%        N/A       1%          8

Your spell library contained the following spells:

 Spells                   Type           Power      Damage    Failure   Level
 Foxfire                  Conj/Fire      100%       2x1d9     0%          1
 Kiss of Death            Conj/Necr      100%       2d13      0%          1
 Magic Dart               Conj           100%       1d8       0%          1
 Necrotise                Necr           100%       1d9       0%          1
 Shock                    Conj/Air       100%       1d9       0%          1
 Sting                    Conj/Alch      100%       1d9       0%          1
 Cigotuvi's Dreadful Rot  Necr/Alch/Air  100%       N/A       0%          2
 Mercury Vapours          Alch/Air       100%       N/A       0%          2
 Momentum Strike          Conj/Tloc      100%       3d10      0%          2
 Scorch                   Fire           100%       2d9       0%          2
 Searing Ray              Conj           100%       2d8       0%          2
 Static Discharge         Conj/Air       100%       3-8/arc   0%          2
 Sublimation of Blood     Necr           100%       N/A       0%          2
 Dazzling Flash           Conj/Hex       100%       N/A       0%          3
 Hailstorm                Conj/Ice       93%        3d15      0%          3
 Inner Flame              Hex/Fire       93%        N/A       0%          3
 Stone Arrow              Conj/Erth      100%       3d13      0%          3
 Vampiric Draining        Necr           100%       2d13      0%          3
 Volatile Blastmotes      Fire/Tloc      100%       2d18      0%          3
 Airstrike                Air            54%        2d(8-24)  0%          4
 Dispel Undead            Necr           100%       3d31      0%          4
 Flame Wave               Conj/Fire      100%       2d21      0%          4
 Fulminant Prism          Conj/Alch      51%        3d22      0%          4
 Sticky Flame             Fire/Alch      100%       2d15      0%          4
 Arcjolt                  Conj/Air       57%        1d67      0%          5
 Curse of Agony           Necr           100%       N/A       0%          5
 Iskenderun's Battlesphe  Conj           100%       2d15      0%          5
 Conjure Ball Lightning   Conj/Air       57%        3x3d21    0%          6
 Plasma Beam              Fire/Air       57%        2x1d73    0%          6
 Starburst                Conj/Fire      61%        6d16      0%          6
 Apportation              Tloc           100%       N/A       1%          1
 Freeze                   Ice            100%       1d10      1%          1
 Sandblast                Erth           88%        2d18      1%          1
 Slow                     Hex            100%       N/A       1%          1
 Summon Small Mammal      Summ           100%       N/A       1%          1
 Ensorcelled Hibernation  Hex/Ice        88%        N/A       1%          2
 Jinxbite                 Hex            88%        N/A       1%          2
 Lesser Beckoning         Tloc           100%       N/A       1%          2
 Gell's Gravitas          Tloc           55%        N/A       1%          3
 Teleport Other           Tloc           55%        N/A       1%          3
 Anguish                  Hex/Necr       43%        N/A       1%          4
 Brom's Barrelling Bould  Conj/Erth      93%        2d10      1%          4
 Iskenderun's Mystic Bla  Conj/Tloc      96%        2d19      1%          4
 Leda's Liquefaction      Alch/Erth      30%        N/A       1%          4
 Martyr's Knell           Necr/Summ      86%        N/A       1%          4
 Petrify                  Alch/Erth      61%        N/A       1%          4
 Summon Blazeheart Golem  Fire/Summ      93%        N/A       1%          4
 Summon Lightning Spire   Summ/Air       83%        N/A       1%          4
 Alistair's Intoxication  Alch           49%        N/A       1%          5
 Borgnjor's Vile Clutch   Necr/Erth      43%        N/A       1%          5
 Freezing Cloud           Conj/Ice/Air   49%        6-21      1%          5
 Silence                  Hex/Air        41%        N/A       1%          5
 Bombard                  Conj/Erth      46%        9d8       1%          6
 Infestation              Necr           56%        N/A       1%          8
 Maxwell's Capacitive Co  Air            54%        ∞         1%          8
 Call Canine Familiar     Summ           44%        N/A       2%          3
 Confusing Touch          Hex            44%        N/A       2%          3
 Frozen Ramparts          Ice            88%        1d14      2%          3
 Ozocubu's Armour         Ice            44%        N/A       2%          3
 Passwall                 Erth           44%        N/A       2%          3
 Sigil of Binding         Hex            44%        N/A       2%          3
 Summon Ice Beast         Ice/Summ       44%        N/A       2%          3
 Tukima's Dance           Hex            44%        N/A       2%          3
 Spellforged Servitor     Conj/Summ      46%        N/A       2%          7
 Manifold Assault         Tloc           55%        N/A       3%          4
 Passage of Golubria      Tloc           55%        N/A       3%          4
 Dimensional Bullseye     Hex/Tloc       25%        N/A       5%          4
 Yara's Violent Unravell  Hex/Alch       30%        3d13      5%          5
 Eringya's Noxious Bog    Alch           37%        4d6       7%          6
 Animate Armour           Summ/Erth      88%        N/A       8%          4
 Cause Fear               Hex            22%        N/A       8%          4
 Haunt                    Necr/Summ      43%        N/A       9%          7
 Death's Door             Necr           56%        N/A       12%         9
 Summon Forest            Summ/Tloc      25%        N/A       14%         5
 Lehudib's Crystal Spear  Conj/Erth      46%        10d11     21%         8
 Lee's Rapid Deconstruct  Erth           22%        3d12*     22%         5
 Metabolic Englaciation   Hex/Ice        22%        N/A       22%         5
 Summon Mana Viper        Hex/Summ       44%        N/A       22%         5
 Sculpt Simulacrum        Ice/Alch       30%        N/A       28%         6
 Dispersal                Tloc           27%        N/A       47%         6
 Summon Cactus Giant      Summ           22%        N/A       77%         6
 Malign Gateway           Summ/Tloc      25%        N/A       99%         7
 Enfeeble                 Hex            22%        N/A       100%        7
 Monstrous Menagerie      Summ           22%        N/A       100%        7
 Ozocubu's Refrigeration  Ice            22%        4d12      100%        7
 Summon Hydra             Summ           22%        N/A       100%        7
 Discord                  Hex            22%        N/A       100%        8
 Disjunction              Tloc           27%        N/A       100%        8
 Summon Horrible Things   Summ           22%        N/A       100%        8
 Dragon's Call            Summ           22%        N/A       100%        9
 Polar Vortex             Ice            22%        12d2*     100%        9
 Shatter                  Erth           22%        3d19*     100%        9
 Animate Dead             Necr           Unusable   N/A       N/A         4

Dungeon Overview and Level Annotations

Branches:
Dungeon (15/15)            Temple (1/1) D:5            Lair (5/5) D:8
 Shoals (4/4) Lair:2       Spider (4/4) Lair:2        Slime (5/5) Lair:4
    Orc (2/2) D:9             Elf (3/3) Orc:2        Vaults (5/5) D:14
  Crypt (3/3) Vaults:3       Tomb (3/3) Crypt:3      Depths (4/4) D:15
   Hell (visited)             Dis (7/7) Hell            Geh (7/7) Hell
    Coc (7/7) Hell            Tar (7/7) Hell            Zot (5/5) Depths:4
Ossuary (visited)         Desolation (visited)      Gauntlet (visited)

Altars:
Ashenzari
Cheibriados
Dithmenos
Elyvilon
Fedhas
Gozag
Hepliaklqana
Kikubaaqudgha
Makhleb
Nemelex Xobeh
Okawaru
Qazlal
Ru
Sif Muna
Trog
Uskayaw
Vehumet
Wu Jian
Xom
Yredelemnul
Zin
The Shining One
Jiyva

Shops:
D:1 *   D:6 [   D:8 *[[*   D:11 (:   D:14 [:(   D:15 [   Orc:2 (*[   Elf:1 ?
Elf:2 =   Shoals:1 [[   Shoals:3 *   Shoals:4 =   Vaults:2 ((   Vaults:4 *
Zot:1 =[   Depths:2 [?*[?[([*[   Depths:3 :[(

Portals:
Hell: Depths:1 Depths:2 Depths:3 Depths:4
Abyss: Depths:1 Depths:2 Depths:3 Depths:4
Pandemonium: Depths:1 Depths:2

Annotations:
D:10 1 runed translucent door, juan097's ghost, journeyman DrBr
D:13 2 runed translucent doors
D:14 1 runed translucent door
Lair:5 2 transporters, jestert79's ghost, journeyman MDRe


Innate Abilities, Weirdness & Mutations

Your spellcasting is much less encumbered by armour.
You can use scrolls of enchantment on lesser artefacts.
You possess an exceptional clarity of mind.
Your mind is acute. (Int +4, Str/Dex -1)
Your flesh is cold resistant. (rC+)
Your body sometimes deteriorates upon taking damage.
You occasionally lose the ability to drink potions when taking damage.
You have hidden genetic defects.


Message History

Press: ? - help, v - describe, . - travel
Here: Aluni (black smoke, lava, slightly transparent) Some lava.
Casting: Fire Storm (mildly dangerous; 1% risk of failure)
Confirm with . or Enter, or press ? or * to list all spells.
Lightning arcs from your hands!
The bolt of lightning hits Aluni!
Aluni resists.
Aluni is lightly wounded.
You hear a croak.
You hear an angry squeal.
Unknown command.
Casting: Chain Lightning (dangerous; 5% risk of failure)
Confirm with . or Enter, or press ? or * to list all spells.
Lightning arcs from your hands!
The bolt of lightning hits Aluni!!
Aluni resists.
Aluni is moderately wounded.
The bolt of lightning hits the smoke demon!!!!
You kill the smoke demon!
You now have 11902 gold pieces (gained 4).
You hear an angry squeal.
Casting: Chain Lightning (dangerous; 5% risk of failure)
Confirm with . or Enter, or press ? or * to list all spells.
Aiming: Fire Storm (mildly dangerous; 1% risk of failure)
Press: ? - help, Dir - move target, f - Aluni
Aim: Aluni (lava, moderately wounded, slightly transparent)
A raging storm of fire appears!
The great blast of fire engulfs Aluni!!!!
Aluni is burned terribly!
Aluni is severely wounded.
Aluni is engulfed in blazing flames.
Aluni is distracted by your dazzling golden aura.
Aluni is engulfed in blazing flames.
Aluni howls, "Leave, thou canting doghearted jarkman!"
Aluni is engulfed in blazing flames.
Aluni is engulfed in blazing flames.
You kill Aluni!
You now have 11914 gold pieces (gained 12).
There is an open door here.
There is a staircase leading out of the dungeon here.
You can't go down here!
You have escaped!

..#...#.§.# #...#...#..
..'...'...#### ####...'...'..
###§..#...##.#######.##...#...###
.###..#...'...'...'...'...#..###.
...#'##...#...#.>.#...#...####...
......#########...#########......
##...........#######...........##
.#####.....................######
.....######.....@.....######....#
####......#############......#..#
######...............####.##+#
############......### #.....
#....(# ###......######.....
#.....####.'...........#.....
#..........#.......†...#.....
#####..........####........#.....
...............'...........#.....


There were no monsters in sight!

Vanquished Creatures
  Cerebov (Pan)
  Antaeus (Coc:7)
  Asmodeus (Geh:7)
  the Royal Jelly (Slime:5)
  Gloorx Vloq (Pan)
  the Serpent of Hell (Coc:7)
  Mnoleg (Pan)
  Ignacio (Pan)
  Lom Lobon (Pan)
  Ereshkigal (Tar:7)
  12 dread liches
  Dispater (Dis:7)
  4 orbs of fire
  10 ancient liches
  Mara (Elf:3)
  Mennas (Pan)
  4 juggernauts
  32 royal mummies
  22 pandemonium lords
  Bai Suzhen (Vaults:3)
  27 shard shrikes
  Margery (Vaults:3)
  Saint Roka (Vaults:3)
  14 Killer Klowns
  39 caustic shrikes
  2 curse toes
  Nikola (Spider:2)
  Geryon (Hell)
  9 golden dragons
  Jory (Crypt:3)
  9 profane servitors
  Arachne (Spider:2)
  35 Tzitzimimeh
  4 iron giants
  15 bone dragons
  16 doom hounds
  11 electric golems
  26 hellephants
  21 Brimstone Fiends
  38 Ice Fiends
  7 liches
  29 Hell Sentinels
  25 Orb Guardians
  20 tentacled monstrosities
  A walking crystal tome (Depths:3)
  A shard shrike skeleton (Tomb:3)
  10 quicksilver dragons
  24 searing wretches
  2 deep elf blademasters (Elf:3)
  A walking earthen tome (Depths:3)
  15 tainted leviathans
  2 quicksilver dragons (shapeshifter) (Zig:13)
  66 acid blobs
  18 sphinxes
  3 walking frostbound tomes (Zig:13)
  4 deep elf master archers
  18 titans
  3 krakens
  22 tentacled starspawn
  Gastronok (Lair:2)
  43 ancient champions
  43 Executioners (Pan)
  Agnes (Elf:2)
  7 shadow dragons
  10 death cobs
  5 revenants
  8 tengu reavers
  15 fire giants
  26 azure jellies
  18 storm dragons
  24 rockslimes
  Roxanne (Shoals:4)
  5 fenstrider witches
  2 daevas
  Donald (Elf:2)
  4 nagarajas (Zig:10)
  An azure jelly (shapeshifter) (Zig:8)
  17 draconian knights
  16 protean progenitors
  23 vault wardens
  6 deep elf elementalists
  25 narguns
  A frost giant (shapeshifter) (Zig:10)
  10 quicksilver elementals
  20 demonspawn warmongers (Pan)
  14 draconian monks
  6 iron dragons
  A fire giant (shapeshifter) (Zig:8)
  9 shard shrike simulacra
  13 draconian shifters
  7 emperor scorpions
  19 draconian stormcallers
  17 frost giants
  43 cacodemons
  5 imperial myrmidons (Desolation)
  3 deep elf sorcerers
  2 caustic shrike zombies
  18 draconian scorchers
  87 balrugs
  5 curse skulls
  A ghost moth (shapeshifter) (Zig:10)
  20 demonspawn corrupters
  12 ghost moths
  3 broodmothers (Spider:4)
  20 ironbound preservers
  A spectral caustic shrike (Crypt:3)
  3 caustic shrike skeletons
  7 angels
  2 ghouls
  19 draconian annihilators
  41 quicksilver oozes
  20 orc warlords
  41 reapers
  2 spriggan defenders (Depths:3)
  31 stone giants
  4 juggernaut skeletons
  22 demonspawn blood saints
  An ophan (Abyss:3)
  A broodmother (shapeshifter) (Zig:13)
  11 vampire knights
  18 green draconians
  Nessos (D:12)
  38 very ugly things
  27 elemental wellsprings
  11 formless jellyfish
  28 lorocyprocas
  18 demonspawn black suns
  An eleionoma (Zig:9)
  9 deep elf death magi
  14 white draconians
  11 ironbound thunderhulks
  12 black draconians
  6 deep elf demonologists
  22 wendigos
  12 deep elf annihilators
  15 dire elephants
  21 putrid mouths
  A bunyip (Zig:9)
  38 war gargoyles
  17 bennus
  12 red draconians
  A minotaur (Gauntlet)
  15 yellow draconians
  Snorg (D:12)
  37 purple draconians
  2 halazid warlocks (Desolation)
  39 blizzard demons
  10 spark wasps
  7 merfolk javelineers
  29 iron golems
  11 ettins
  11 merfolk impalers
  A crystal guardian (Desolation)
  2 eidola
  17 green deaths (Pan)
  2 spectral fenstrider witches
  4 deep elf high priests
  A kraken zombie (Hell)
  15 yaktaur captains
  6 entropy weavers
  A spectral iron giant (Tar:5)
  17 jiangshi
  5 ragged hierophants (Desolation)
  35 mummy priests
  10 fire dragons
  Fannar (D:11)
  9 caustic shrike simulacra
  A spectral quicksilver dragon (Tar:5)
  2 servants of whispers (Desolation)
  A spriggan zombie (Zig:24)
  13 hydras
  10 ice dragons
  A spectral spriggan (Tar:6)
  13 rakshasas
  30 great orbs of eyes
  33 vault guards
  12 centaur warriors
  Erolcha (D:12)
  10 salamander tyrants
  9 peacekeepers
  8 hell beasts
  5 ogre magi
  5 juggernaut simulacra
  9 jorogumos
  An alligator snapping turtle (Shoals:1)
  8 ironbound frosthearts
  5 death knights
  8 spriggan air magi
  4 stokers
  An alligator snapping turtle (shapeshifter) (Zig:13)
  A fenstrider witch skeleton (Tomb:1)
  8 merfolk avatars
  2 spriggan skeletons
  4 radroaches
  An anaconda (Zig:10)
  6 merfolk aquamancers
  3 satyrs
  5 catoblepae
  47 dancing weapons
  13 boulder beetles
  87 death scarabs
  14 two-headed ogres
  35 demonic crawlers
  A sphinx skeleton (Zig:24)
  9 deep troll earth magi
  3 naga warriors
  7 tengu warriors
  19 orc high priests
  32 hell hogs
  5 deep troll shamans
  10 death yaks
  5 vampire magi
  5 occultists
  2 holy swine (Abyss:4)
  18 deep elf knights
  A quicksilver ooze zombie (Crypt:1)
  A spectral dire elephant (Tar:1)
  32 thrashing horrors
  2 spriggan berserkers
  16 hell knights
  2 hellephant skeletons (Pan)
  11 shock serpents
  155 sun demons
  51 soul eaters
  Urug (Lair:4)
  13 crystal echidnas
  A storm dragon zombie (Zig:24)
  35 skeletal warriors
  A skyshark (shapeshifter) (Zig:20)
  3 titan skeletons
  2 iron trolls (shapeshifter)
  46 sixfirhies
  26 wretched stars
  3 fire crabs (Zot:4)
  10 iron trolls
  10 skysharks
  13 flayed ghosts
  3 pharaoh ants
  7 death drakes
  3 spatial maelstroms
  5 quicksilver dragon simulacra
  30 shadow demons
  19 shadow wraiths
  A golden dragon zombie (Zig:24)
  A goliath frog (shapeshifter) (Zig:13)
  14 orb spiders
  11 glowing orange brains
  12 sea snakes
  A bunyip zombie (Tomb:1)
  4 spriggan druids
  A mana viper (Abyss:4)
  A death drake (shapeshifter) (Depths:3)
  54 deep trolls
  2 glowing orange brains (shapeshifter)
  4 swamp dragons
  8 spriggan simulacra
  5 obsidian statues
  A spectral anaconda (Tar:5)
  8 steelbarb worms
  16 sun moths
  An orange crystal statue (Zig:7)
  3 anaconda skeletons
  10 arcanists
  22 orc knights
  A shadow dragon zombie (Zig:24)
  Pikel (D:9)
  7 deep elf archers
  2 orb spiders (shapeshifter) (Vaults:5)
  6 lindwurms
  A golden dragon skeleton (Zig:24)
  28 deep elf pyromancers
  44 harpies
  5 bog bodies
  82 starcursed masses
  10 phantasmal warriors
  6 necromancers
  67 ugly things
  24 ironbound convokers
  32 deep elf zephyrmancers
  A broodmother zombie (Crypt:2)
  An eleionoma zombie (Crypt:2)
  2 stone giant zombies
  22 orc sorcerers
  9 cyclopes
  4 will-o-the-wisps
  31 moths of wrath
  22 wolf spiders
  A tengu skeleton (Zig:24)
  A cyclops (shapeshifter) (Vaults:5)
  19 manticores
  26 shining eyes
  An iron dragon skeleton (Zig:24)
  4 fauns
  A meliai (shapeshifter) (Zig:8)
  10 elephants
  A black mamba (shapeshifter) (D:14)
  A salamander (Depths:4)
  4 guardian serpents
  A moth of wrath (shapeshifter) (Zig:8)
  8 worldbinders
  10 black mambas
  A fire giant skeleton (Zig:8)
  3 ice statues
  10 meliai
  7 titan simulacra
  3 water nymphs
  A water nymph (shapeshifter) (Vaults:5)
  An eye of devastation (shapeshifter) (Vaults:5)
  A centaur zombie (Tomb:3)
  Joseph (Lair:1)
  10 molten gargoyles
  7 apocalypse crabs
  15 eyes of devastation
  18 vault sentinels
  22 kobold blastminers
  8 merfolk sirens
  104 smoke demons
  5 naga magi
  7 torpor snails
  28 cane toads
  A gargoyle (D:14)
  A dire elephant skeleton (Abyss:4)
  15 rust devils
  A mana viper skeleton (Crypt:1)
  113 large abominations
  A cane toad (shapeshifter) (Vaults:5)
  A minotaur zombie (Crypt:1)
  53 hellions
  57 orange demons
  20 freezing wraiths
  2 kobold demonologists (Abyss:4)
  8 rime drakes
  A rime drake (shapeshifter) (Spider:4)
  5 unseen horrors
  29 yaktaurs
  3 sea snake zombies (Hell)
  27 efreet
  20 komodo dragons
  A yaktaur (shapeshifter) (D:14)
  44 tormentors
  3 anaconda simulacra
  2 sea snake skeletons (Hell)
  7 ice devils
  5 tengu conjurers
  A silent spectre (Tar:4)
  A spectral harpy (Tar:2)
  2 spectral nagas
  10 red devils
  4 polar bears
  16 ancient zymes
  5 iron giant simulacra
  28 merfolk
  63 guardian mummies
  A shadow dragon simulacrum (Zig:19)
  22 trolls
  A hydra zombie (Crypt:2)
  3 golden dragon simulacra
  2 harpy zombies (Abyss:3)
  4 tyrant leeches
  40 saltlings (Desolation)
  9 hornets
  21 hellwings
  25 blink frogs
  3 harpy skeletons
  An alligator simulacrum (Hell)
  33 tarantellas
  A blink frog (shapeshifter) (Abyss:4)
  13 wind drakes
  21 glass eyes
  53 raiju
  2 hydra skeletons
  A snapping turtle (shapeshifter) (Zig:8)
  An iron dragon simulacrum (Coc:3)
  7 snapping turtles
  A glass eye (shapeshifter) (Depths:4)
  3 stone giant simulacra (Coc:2)
  A spectral black mamba (Tar:1)
  9 dream sheep
  A jumping spider (shapeshifter) (Vaults:5)
  146 slime creatures
  A culicivora (shapeshifter) (Vaults:5)
  36 jumping spiders
  16 culicivoras
  Sigmund (D:3)
  2 ettin skeletons
  6 air elementals
  A black mamba zombie (Crypt:3)
  21 water elementals
  2 spriggans
  4 shadows (Crypt:3)
  A vampire (Abyss:4)
  15 wyverns
  6 dire elephant simulacra
  10 basilisks
  A yak (shapeshifter) (D:14)
  26 fire elementals
  18 ushabtiu
  99 ynoxinuls
  13 wraiths
  5 humans (Zot:1)
  58 yaks
  3 alligator snapping turtle simulacra
  5 fire bats
  Grum (D:11)
  35 neqoxecs
  18 wargs
  20 golden eyes
  A vampire mosquito (D:14)
  3 steam dragons
  79 redbacks
  2 swamp worms (Gauntlet)
  Menkaure (D:4)
  70 chaos spawn
  2 nagas (Zig:10)
  3 glowing shapeshifter zombies (Zig:24)
  3 spatial vortices (Abyss:3)
  6 acid dragons
  An acid dragon (shapeshifter) (Abyss:3)
  15 harpy simulacra
  28 water moccasins
  10 hell hounds
  2 hydra simulacra
  A swamp worm (shapeshifter) (Zig:13)
  A cane toad skeleton (Crypt:2)
  A glowing shapeshifter skeleton (Crypt:1)
  A dream sheep zombie (Crypt:2)
  A swamp drake (D:9)
  85 orc warriors
  2 sky beasts
  An elephant zombie (Crypt:2)
  An ice beast (D:7)
  45 laughing skulls
  A manticore zombie (Crypt:2)
  7 black bears
  A swamp dragon zombie (Tomb:3)
  A blink frog zombie (Crypt:1)
  10 ettin simulacra
  36 ogres
  23 wolves
  11 centaurs
  A dream sheep skeleton (Crypt:1)
  A lindwurm skeleton (Crypt:1)
  4 lemures (D:9)
  2 phantoms
  5 kobold brigands
  11 weeping skulls
  A salamander zombie (Crypt:2)
  6 brain worms
  10 bullfrogs
  2 gnoll sergeants
  18 small abominations
  4 earth elementals
  7 naga simulacra
  7 scorpions
  10 wights
  A hornet simulacrum (D:14)
  5 burial acolytes
  11 killer bees
  3 howler monkeys
  6 electric eels (D:12)
  8 jellies
  A bombardier beetle (D:5)
  5 quasits
  3 hounds
  A gnoll bouda (D:9)
  30 orc priests
  A black bear zombie (Crypt:2)
  3 iron imps
  A sleepcap (D:5)
  4 iguanas
  Natasha (thrice) (D:3)
  30 orc wizards
  7 hell rats
  A boggart simulacrum (D:14)
  78 mummies
  Robin (D:3)
  16 gnolls
  4 adders
  3 shadow imps
  8 ufetubi
  3 dart slugs
  2 ribbon worms
  57 orcs
  8 endoplasms
  4 giant cockroaches
  9 hobgoblins
  30 kobolds
  6 quokkas
  6 ball pythons
  4 bats
  7 frilled lizards
  7 gnoll skeletons (Ossuary)
  12 goblins
  3 kobold skeletons (Ossuary)
  10 orc skeletons (Ossuary)
  5 rats
  7 aspiring fleshes
  3 ball lightnings (Pan)
  2 creeping infernos
  9 fire vortices
  A lurking horror (Abyss:3)
  22 starspawn tentacles
  15 tentacles
6477 creatures vanquished.

Vanquished Creatures (collateral kills)
  An ancient lich (Zig:3)
  6 royal mummies
  A shard shrike (Coc:6)
  A caustic shrike (Dis:7)
  An iron giant (Dis:7)
  2 Tzitzimimeh
  A tentacled monstrosity (Zot:5)
  2 hellephants
  2 tainted leviathans (Tar:5)
  An Ice Fiend (Coc:7)
  4 Orb Guardians (Zot:5)
  2 liches
  A titan (Zig:19)
  5 searing wretches
  4 acid blobs
  An ancient champion (Tomb:2)
  An azure jelly (Zig:26)
  12 rockslimes
  A draconian knight (Zig:16)
  An iron dragon (Dis:1)
  2 fire giants
  5 balrugs
  An orc warlord (Zig:17)
  3 formless jellyfish
  A green draconian (Zot:4)
  A bennu (Zig:24)
  2 wendigos
  2 iron golems
  A mummy priest (Tomb:2)
  2 great orbs of eyes (Zig:27)
  A salamander tyrant (Geh:7)
  An anaconda (Zig:13)
  4 death scarabs
  A hell hog (Geh:6)
  2 skeletal warriors (Tomb:2)
  A titan skeleton (Tomb:2)
  A fire crab (Zot:4)
  A sixfirhy (Pan)
  A shadow dragon skeleton (Zig:24)
  4 shining eyes
  2 eyes of devastation (Zig:15)
  A smoke demon (Pan)
  A hellion (Geh:7)
  3 guardian mummies
  6 glass eyes
  10 slime creatures
  An ettin skeleton (Tomb:2)
  2 golden eyes (Zig:21)
  3 mummies
  3 ball lightnings (Pan)
  2 creeping infernos (Geh:7)
  5 fire vortices
126 creatures vanquished.

Vanquished Creatures (others)
  4 royal mummies
  A shard shrike (Coc:1)
  3 caustic shrikes (Dis:7)
  An iron giant (Dis:7)
  A Hell Sentinel (Dis:7)
  An ancient champion (Dis:7)
  An eldritch tentacle (Pan)
  A nargun (Coc:4)
  A fire giant (Geh:7)
  3 balrugs
  2 quicksilver elementals (Dis:7)
  2 demonspawn blood saints
  An ironbound thunderhulk (Vaults:4)
  2 bennus (Tomb:3)
  2 mummy priests
  A green death (Pan)
  3 salamander tyrants (Geh:7)
  A rakshasa (Pan)
  2 merfolk aquamancers (Shoals:4)
  A stoker (Geh:6)
  A death scarab (Tomb:3)
  A deep elf zephyrmancer (Elf:3)
  A shadow demon (Pan)
  A molten gargoyle (Geh:7)
  A tormentor (Coc:1)
  5 guardian mummies
  A raiju (Abyss:4)
  2 iron dragon simulacra
  A saltling (Desolation)
  A centaur simulacrum (Coc:1)
  A jumping spider (shapeshifter) (Elf:2)
  A water elemental (D:12)
  2 ushabtiu
  A neqoxec (Pan)
  A fire bat (Abyss:3)
  A golden eye (Abyss:3)
  3 small abominations (Abyss:3)
  An ettin simulacrum (Coc:1)
  A laughing skull (Abyss:4)
  A mummy (Tomb:2)
  2 kobolds (D:8)
  6 ball lightnings (Pan)
  3 creeping infernos
  438 fire vortices
  20 foxfires
  A lurking horror (Abyss:4)
  23 starspawn tentacles
  19 tentacles
574 creatures vanquished.

Grand Total: 7177 creatures vanquished

Notes
Turn   | Place    | Note
-------+----------+-------------------------------------------
     0 | D:1      | hikkokomori the Mountain Dwarf Cinder Acolyte began the
                  | quest for the Orb.
     0 | D:1      | Reached XP level 1. HP: 19/19 MP: 2/2
   264 | D:1      | Reached XP level 2. HP: 26/26 MP: 3/3
   267 | D:1      | Learned a level 2 spell: Scorch
   277 | D:1      | Found Qeplis's General Store.
   424 | D:1      | Learned a level 1 spell: Foxfire
   587 | D:1      | Reached XP level 3. HP: 29/33 MP: 4/4
   614 | D:1      | Reached skill level 1 in Conjurations
  1172 | D:2      | Reached XP level 4. HP: 37/40 MP: 5/5
  1513 | D:3      | Noticed Robin
  1543 | D:3      | Killed Robin
  1563 | D:3      | Reached skill level 5 in Fire Magic
  1567 | D:3      | Noticed Natasha
  1574 | D:3      | Killed Natasha
  1575 | D:3      | Reached XP level 5. HP: 45/46 MP: 1/6
  1797 | D:3      | Noticed Natasha
  1801 | D:3      | Killed Natasha
  1850 | D:3      | Noticed Sigmund
  1853 | D:3      | Killed Sigmund
  1854 | D:3      | Reached skill level 5 in Fighting
  1854 | D:3      | Reached XP level 6. HP: 55/57 MP: 0/7
  1934 | D:3      | Noticed Natasha
  1946 | D:3      | Killed Natasha
  2671 | D:4      | Reached XP level 7. HP: 58/63 MP: 0/10
  2819 | D:4      | Noticed Menkaure
  2829 | D:4      | Killed Menkaure
  3199 | D:4      | Reached skill level 5 in Axes
  3296 | D:4      | Reached XP level 8. HP: 70/70 MP: 2/12
  3677 | D:4      | Found a broken altar of Ashenzari.
  3689 | D:4      | Found an iron altar of Okawaru.
  3707 | D:4      | Identified the +7 ring mail of Asceticism {Rampage SInv}
  3980 | D:4      | Found a sparkling altar of Nemelex Xobeh.
  4132 | D:5      | Entered Level 5 of the Dungeon
  4186 | D:5      | Reached skill level 1 in Armour
  4188 | D:5      | Reached skill level 1 in Stealth
  4479 | D:5      | Found a staircase to the Ecumenical Temple.
  5094 | D:5      | Learned a level 2 spell: Blink
  5222 | D:5      | Reached XP level 9. HP: 80/80 MP: 8/13
  5583 | D:6      | Reached skill level 1 in Translocations
  5788 | D:6      | Found Fiegg's Armour Emporium.
  6399 | D:7      | Reached skill level 1 in Dodging
  6529 | D:7      | Found a sand-covered staircase.
  6627 | Ossuary  | Entered an ossuary
  6935 | Ossuary  | Found an ancient bone altar of Kikubaaqudgha.
  7382 | D:7      | Learned a level 4 spell: Sticky Flame
  7786 | D:8      | Reached skill level 1 in Alchemy
  7810 | D:8      | Reached XP level 10. HP: 41/88 MP: 1/16
  8063 | D:8      | Found a staircase to the Lair.
  8162 | D:8      | Reached skill level 1 in Shields
  8208 | D:8      | Reached skill level 5 in Spellcasting
  8360 | D:8      | Found Qegifes's Assorted Antiques.
  8467 | D:8      | Identified the +2 leather armour of the Constellations
                  | {rElec rN+++ Dex-3 Stlth+}
  8732 | D:8      | Reached skill level 10 in Axes
  8995 | D:8      | Found Kumuaff's Assorted Antiques.
  9003 | D:8      | Bought a scroll of identify for 46 gold pieces
  9003 | D:8      | Bought a scroll of revelation for 172 gold pieces
  9172 | D:9      | Found a blossoming altar of Fedhas.
  9179 | D:9      | Reached skill level 5 in Shields
  9422 | D:9      | Noticed Pikel
  9497 | D:9      | Killed Pikel
  9498 | D:9      | Reached XP level 11. HP: 93/94 MP: 0/18
  9734 | D:9      | Noticed a centaur warrior
  9749 | D:9      | Killed a centaur warrior
 10081 | D:9      | Found a staircase to the Orcish Mines.
 10242 | Orc:1    | Entered Level 1 of the Orcish Mines
 10242 | Orc:1    | Found a burning altar of Makhleb.
 10263 | Orc:1    | Noticed a two-headed ogre
 10271 | Orc:1    | Killed a two-headed ogre
 10555 | Lair:1   | Entered Level 1 of the Lair of Beasts
 10786 | Lair:1   | Noticed Joseph
 10797 | Lair:1   | Noticed a catoblepas
 10815 | Lair:1   | Killed a catoblepas
 10830 | Lair:1   | Killed Joseph
 10831 | Lair:1   | Reached skill level 10 in Fire Magic
 11153 | Lair:1   | Identified the +2 pair of boots of Sunlight {rF+ Str+3}
 11370 | Lair:1   | Noticed a catoblepas
 11382 | Lair:1   | Killed a catoblepas
 11778 | Lair:2   | Noticed a skyshark
 11795 | Lair:1   | Killed a skyshark
 12068 | Lair:2   | Reached skill level 5 in Evocations
 12068 | Lair:2   | Reached XP level 12. HP: 88/99 MP: 13/20
 12394 | Lair:2   | Found a hole to the Spider Nest.
 13077 | Lair:2   | Noticed Gastronok
 13092 | Lair:2   | Killed Gastronok
 13158 | Lair:2   | Found a staircase to the Shoals.
 13830 | Lair:3   | Noticed a death yak
 13832 | Lair:3   | Noticed a death yak
 13832 | Lair:3   | Noticed a death yak
 13840 | Lair:3   | Noticed a death yak
 13842 | Lair:3   | Noticed a death yak
 13851 | Lair:3   | Killed a death yak
 13857 | Lair:3   | Killed a death yak
 13875 | Lair:3   | Killed a death yak
 13883 | Lair:3   | Killed a death yak
 13884 | Lair:3   | Reached skill level 5 in Alchemy
 13887 | Lair:3   | Killed a death yak
 13888 | Lair:3   | Reached skill level 10 in Shields
 14950 | Lair:4   | Reached skill level 1 in Throwing
 15088 | Lair:4   | Reached XP level 13. HP: 40/113 MP: 3/22
 15472 | Lair:3   | Reached skill level 10 in Fighting
 15760 | D:10     | Entered Level 10 of the Dungeon
 15760 | D:10     | Noticed juan097's ghost (journeyman DrBr)
 15760 | D:10     | Found a runed translucent door.
 15760 | D:10     | Found a shimmering altar of Xom.
 15808 | D:10     | Learned a level 6 spell: Starburst
 15886 | D:10     | Found a white marble altar of Elyvilon.
 15973 | D:10     | Found a portal to a secret trove of treasure.
 16037 | D:10     | Paralysed by a hornet for 3 turns
 16633 | D:11     | Learned a level 3 spell: Mephitic Cloud
 16643 | D:11     | Noticed Fannar
 16657 | D:11     | Killed Fannar
 16792 | D:11     | Found Otybe's Vocational Training.
 16795 | D:11     | Noticed Grum
 16821 | D:11     | Killed Grum
 17101 | D:11     | Reached skill level 1 in Air Magic
 17563 | D:11     | Found Cestyuqo's Antique Weapon Emporium.
 17959 | Orc:2    | Entered Level 2 of the Orcish Mines
 18633 | Orc:2    | Found a staircase to the Elven Halls.
 18657 | Orc:2    | Reached skill level 5 in Conjurations
 18699 | Orc:2    | Found Viural's Antique Weapon Boutique.
 19210 | Orc:2    | Found Niluu's General Store.
 19233 | Orc:2    | Noticed an orc warlord
 19267 | Orc:2    | Killed an orc warlord
 19605 | Orc:2    | Bought a scroll of identify for 28 gold pieces
 19660 | Orc:2    | Found Ceitt's Antique Armour Emporium.
 19703 | Orc:2    | Found Umpetso's Jewellery Boutique.
 20297 | Orc:2    | Bought a steaming chain mail for 285 gold pieces
 20297 | Orc:2    | Identified the +7 chain mail of Hedge Wizardry {rF+} (You
                  | bought it in a shop on level 2 of the Orcish Mines)
 20448 | Temple   | Entered the Ecumenical Temple
 20464 | Temple   | Fell from the grace of Ignis
 20464 | Temple   | Became a worshipper of Gozag Ym Sagoz the Greedy
 20929 | Lair:4   | Found a viscous altar of Jiyva.
 20929 | Lair:4   | Found a staircase to the Slime Pits.
 21012 | Lair:4   | Noticed Urug
 21022 | Lair:4   | Killed Urug
 21835 | Lair:5   | Entered Level 5 of the Lair of Beasts
 21868 | Lair:4   | Reached XP level 14. HP: 109/124 MP: 24/24
 21897 | Lair:4   | You fall into a shaft and drop 1 floor!
 22266 | Lair:5   | Reached skill level 5 in Armour
 22397 | Lair:5   | Noticed jestert79's ghost (journeyman MDRe)
 22469 | Lair:5   | Found a transporter.
 22494 | Lair:5   | Found a transporter.
 22590 | Lair:5   | Identified the +4 rapier of the End {freeze, +Blink Str+2
                  | Dex+2}
 22597 | Lair:5   | Identified the +1 robe of Quiet Fog {rC+ Dex+2}
 23310 | D:9      | Was forgiven by Ignis
 23698 | D:8      | Bought an ichor-stained chain mail for 389 gold pieces
 23698 | D:8      | Identified the +3 chain mail of Indomitability {rN+ Regen+
                  | Int-5} (You bought it in a shop on level 8 of the Dungeon)
 23822 | D:12     | Noticed Snorg
 23871 | D:12     | Killed Snorg
 24000 | D:12     | Found a gate leading to a gauntlet.
 24009 | Gauntlet | Entered a Gauntlet
 24009 | Gauntlet | Found a transporter.
 24009 | Gauntlet | Found a transporter.
 24013 | Gauntlet | Found a transporter.
 24013 | Gauntlet | Found a transporter.
 24022 | Gauntlet | Found a transporter.
 24043 | Gauntlet | Found a transporter.
 24051 | Gauntlet | Found a transporter.
 24051 | Gauntlet | Found a transporter.
 24052 | Gauntlet | Noticed a reaper
 24055 | Gauntlet | Found a transporter.
 24082 | Gauntlet | Found a transporter.
 24089 | Gauntlet | Found a transporter.
 24109 | Gauntlet | Found a transporter.
 24142 | Gauntlet | Found a transporter.
 24156 | Gauntlet | Found a transporter.
 24257 | Gauntlet | Found a transporter.
 24271 | Gauntlet | Found a transporter.
 24465 | Gauntlet | Got Sif Muna's Precepts of Tectonic Alteration
 24576 | Gauntlet | Killed a reaper
 24593 | Gauntlet | Identified the +1 helmet "Wesosuc" {^Contam rC++}
 24669 | Gauntlet | Identified the ring "Sacoevux" {rPois Dex+6 Slay-4}
 25011 | D:12     | Identified a scroll of acquirement
 25011 | D:12     | Acquired the amulet "Zuics" {RegenMP rC+}
 25152 | D:12     | Noticed Erolcha
 25161 | D:12     | Noticed Nessos
 25165 | D:12     | Killed Erolcha
 25179 | D:12     | Killed Nessos
 25714 | D:13     | Found a runed translucent door.
 25786 | D:13     | Found a runed translucent door.
 25831 | D:13     | Found a runed translucent door.
 25857 | D:13     | Noticed a storm dragon
 26031 | D:13     | Found the +5 Storm Queen's Shield {shock, Fly rElec}
 26032 | D:13     | Found a runed translucent door.
 26129 | D:13     | Reached skill level 10 in Conjurations
 26129 | D:13     | Reached XP level 15. HP: 129/129 MP: 25/25
 26819 | D:12     | Reached XP level 16. HP: 89/137 MP: 0/26
 27196 | D:13     | Killed a storm dragon
 27635 | D:14     | Reached skill level 15 in Fire Magic
 27853 | D:14     | Identified the +4 battleaxe "Upumuf" {holy, ^Drain rF-
                  | Dex+5 SInv}
 27856 | D:14     | Identified the +9 falchion "Ahad" {freeze, rF+ rN+ Int-5}
 28026 | D:14     | Found a gate to the Vaults.
 28110 | D:14     | Identified the +0 robe of the Shrike {Regen+ Int+3 Dex+2}
 28117 | D:14     | Reached skill level 15 in Axes
 28647 | D:14     | Identified the staff of the Several Persimmons {rPois Dex+5
                  | Conj}
 28664 | D:14     | Found a runed translucent door.
 28664 | D:14     | Found a runed translucent door.
 29062 | D:15     | Entered Level 15 of the Dungeon
 29107 | D:15     | Found an ornate altar of the Wu Jian Council.
 29566 | D:15     | Found Editoump's Armour Shop.
 29775 | D:15     | Reached XP level 17. HP: 144/144 MP: 27/27
 29779 | D:15     | Found a staircase to the Depths.
 30154 | D:15     | Learned a level 4 spell: Olgreb's Toxic Radiance
 30159 | D:15     | Learned a level 4 spell: Ignite Poison
 30422 | Shoals:1 | Entered Level 1 of the Shoals
 30482 | Shoals:1 | Identified the +0 pair of gloves "Eraarghyo" {rN+ Str+2}
 30583 | Shoals:1 | Found Schrutan's Dragon-Slaying Spoils.
 30654 | Shoals:1 | Noticed a kraken
 30661 | Shoals:1 | Killed a kraken
 31976 | Shoals:2 | Noticed a kraken
 31986 | Shoals:2 | Killed a kraken
 32639 | Shoals:3 | Found Gaanipn's Gadget Gallery.
 33314 | Shoals:3 | Noticed a kraken
 33323 | Shoals:3 | Killed a kraken
 33342 | Shoals:3 | Noticed a tentacled monstrosity
 33355 | Shoals:3 | Killed a tentacled monstrosity
 33356 | Shoals:3 | Reached skill level 10 in Armour
 33364 | Shoals:3 | Got Dispater's Grimoire of Mad Ravings
 33366 | Shoals:3 | Identified the ring of Trepidation {rF- rC+ rN+ rCorr}
 33813 | Shoals:1 | Bought the +3 gold dragon scales "Coywih" {Rampage rPois
                  | rF+ rC+ rN+ Str+2} for 2038 gold pieces
 33907 | Shoals:4 | Entered Level 4 of the Shoals
 34046 | Shoals:4 | Noticed Roxanne
 34074 | Shoals:4 | Killed Roxanne
 34255 | Shoals:4 | Reached XP level 18. HP: 112/151 MP: 24/31
 34278 | Shoals:4 | Got a barnacled rune of Zot
 34654 | Shoals:4 | Found Emonwi's One-of-a-Kind Rings.
 34678 | Shoals:4 | Bought the ring "Wupa" {rF+ Will+ Int-3 Dex+6 SInv Stlth+}
                  | for 675 gold pieces
 35513 | Spider:1 | Entered Level 1 of the Spider Nest
 35946 | Spider:1 | Reached skill level 10 in Spellcasting
 37167 | Spider:1 | Learned a level 8 spell: Ignition
 37290 | Spider:2 | Noticed Nikola
 37317 | Spider:2 | Killed Nikola
 37542 | Spider:2 | Noticed Arachne
 37561 | Spider:2 | Killed Arachne
 38419 | Spider:3 | Reached XP level 19. HP: 151/160 MP: 22/34
 39228 | Spider:4 | Entered Level 4 of the Spider Nest
 40083 | Spider:4 | Found the +3 Elemental Staff {ele, rElec rF+ rC+ AC+3}
 40702 | Spider:4 | Got a gossamer rune of Zot
 41361 | Elf:1    | Entered Level 1 of the Elven Halls
 41697 | Elf:1    | Got the Compilation of Arcane Combat
 41798 | Elf:1    | Learned a level 5 spell: Fireball
 41861 | Elf:1    | Found Delarore's Magic Scroll Shoppe.
 42348 | Elf:1    | Reached XP level 20. HP: 161/171 MP: 36/36
 42533 | Elf:2    | Noticed Donald
 42533 | Elf:2    | Noticed Agnes
 42539 | Elf:2    | Killed Donald
 42539 | Elf:2    | Killed Agnes
 42990 | Elf:2    | Found a runed translucent gate.
 42990 | Elf:2    | Found a runed translucent gate.
 42990 | Elf:2    | Found a runed translucent gate.
 43271 | Elf:2    | Found Redwuech's Jewellery Emporium.
 43421 | Elf:2    | Paralysed by an air elemental for 1 turns
 44590 | Elf:3    | Entered Level 3 of the Elven Halls
 44758 | Elf:3    | Reached skill level 15 in Fighting
 44978 | Elf:3    | Noticed Mara
 45138 | Elf:3    | Noticed hikkokomori's illusion
 45147 | Elf:3    | Identified the +4 rapier of the Asp {heavy, +Blink rPois
                  | rF- rN+}
 45259 | Elf:3    | Noticed hikkokomori's illusion
 45370 | Elf:3    | Noticed hikkokomori's illusion
 45421 | Elf:3    | Killed Mara
 45833 | Elf:3    | Identified the +0 troll leather armour of Pathos {rN+
                  | Regen+ rCorr}
 46627 | Shoals:1 | Bought a faintly glowing helmet for 304 gold pieces
 46627 | Shoals:1 | Identified the -1 helmet of Zel Raus {Int+3 Dex-3} (You
                  | bought it in a shop on level 1 of the Shoals)
 46877 | Vaults:1 | Entered Level 1 of the Vaults
 47069 | Vaults:1 | Reached XP level 21. HP: 162/184 MP: 38/38
 48023 | Vaults:1 | Reached skill level 15 in Armour
 48536 | Vaults:2 | Found Odiodu's Weapon Shoppe.
 48824 | Vaults:2 | You are sucked into a shaft and drop 1 floor!
 48861 | Vaults:3 | Noticed Saint Roka
 48876 | Vaults:3 | Killed Saint Roka
 48882 | Vaults:3 | Reached skill level 15 in Shields
 49161 | Vaults:3 | Noticed Bai Suzhen
 49185 | Vaults:3 | Killed Bai Suzhen
 49212 | Vaults:3 | Found a glowing golden altar of the Shining One.
 49212 | Vaults:3 | Found a crumbling gateway.
 49212 | Vaults:3 | Found a white marble altar of Elyvilon.
 49235 | Vaults:3 | Found a glowing silver altar of Zin.
 49293 | Desolati | Entered the Desolation of Salt
 49611 | Desolati | Identified the ring of Autotheism {rPois rF- Int+2 SInv
                  | Stlth+}
 49768 | Desolati | Got the Tractate on the Luminous Beaker
 49793 | Desolati | Identified the ring "Noashrit" {rF++ rC+ Str+5 Dex+3}
 50304 | Desolati | Identified the +6 scale mail of Filth {rF++ Will- Dex+4}
 50316 | Desolati | Identified the +0 pair of gloves of the Lobster {Fly rElec
                  | rC- Dex+4}
 50326 | Desolati | Got the Codex of Arcane Weapons
 50746 | Vaults:2 | Found Viokun's Antique Weapon Boutique.
 50882 | Vaults:2 | Reached skill level 10 in Evocations
 51449 | Vaults:3 | Reached XP level 22. HP: 199/199 MP: 39/39
 51489 | Vaults:3 | Found a staircase to the Crypt.
 51879 | Vaults:3 | Reached skill level 5 in Dodging
 52099 | Vaults:3 | Noticed Margery
 52127 | Vaults:3 | Killed Margery
 54086 | Vaults:4 | Bought a scroll of enchant armour for 315 gold pieces
 54146 | D:14     | Bought bloodstained gold dragon scales for 1700 gold pieces
 54146 | D:14     | Identified the +0 gold dragon scales "Reuptoylal" {rPois
                  | rF+ rC+ Will+++ Regen+ Dex-3 Stlth-} (You bought it in a
                  | shop on level 14 of the Dungeon)
 54404 | Slime:1  | Entered Level 1 of the Pits of Slime
 55120 | Slime:3  | You are sucked into a shaft and drop 1 floor!
 55163 | Slime:5  | Entered Level 5 of the Pits of Slime
 55166 | Slime:5  | Gained mutation: Your body sometimes deteriorates upon
                  | taking damage. [a shining eye]
 55341 | Slime:5  | Noticed the Royal Jelly
 55496 | Slime:5  | Killed the Royal Jelly
 55901 | Slime:5  | Reached XP level 23. HP: 143/205 MP: 1/40
 56047 | Slime:5  | Gained mutation: Your health recovers twice as slowly from
                  | being drained. [a shining eye]
 56556 | Slime:5  | Got the Precepts of the Resplendent Alkahest
 56592 | Slime:5  | Got a slimy rune of Zot
 56593 | Slime:5  | Identified the ring of Vubreweyth {rPois Will+ Slay+3 SInv}
 56605 | Slime:5  | Identified the +9 glaive of Patterns {holy, Dex+4}
 56649 | Slime:5  | Got the Cyclopedia of Conjuring
 56807 | Slime:3  | Gained mutation: You are agile. (Dex +4, Str/Int -1) [a
                  | shining eye]
 57339 | Depths:1 | Entered Level 1 of the Depths
 58093 | Depths:1 | Found a one-way gate to the infinite horrors of the Abyss.
 58141 | Depths:1 | Found a gateway to Hell.
 58231 | Depths:1 | Found a one-way gate leading to the halls of Pandemonium.
 58592 | Depths:2 | Found Redwomn's Antique Armour Boutique.
 58592 | Depths:2 | Found Tairifra's Antique Armour Boutique.
 58593 | Depths:2 | Found Rapeck's Weapon Boutique.
 58597 | Depths:2 | Found Biezeed's General Store.
 60410 | Depths:3 | Reached XP level 24. HP: 175/214 MP: 15/41
 60555 | Depths:3 | Noticed a juggernaut
 60556 | Depths:3 | Noticed a juggernaut
 60691 | Depths:3 | Gained mutation: Armour fits poorly on your strangely
                  | shaped body. [a shining eye]
 60997 | Depths:3 | Identified the +6 scimitar of the Burning Messenger
                  | {freeze, Str+2}
 61054 | Depths:4 | Entered Level 4 of the Depths
 61063 | Depths:4 | Reached skill level 15 in Spellcasting
 61120 | Depths:3 | Lost mutation: Your health recovers twice as slowly from
                  | being drained. [potion of mutation]
 61120 | Depths:3 | Lost mutation: Your body sometimes deteriorates upon taking
                  | damage. [potion of mutation]
 61120 | Depths:3 | Lost mutation: You are agile. (Dex +4, Str/Int -1) [potion
                  | of mutation]
 61120 | Depths:3 | Gained mutation: You are frail. (-10% HP) [potion of
                  | mutation]
 61120 | Depths:3 | Gained mutation: Potions are less effective at restoring
                  | your health. [potion of mutation]
 61120 | Depths:3 | Gained mutation: You are partially covered in iridescent
                  | scales. (AC +2) [potion of mutation]
 61121 | Depths:3 | Lost mutation: Potions are less effective at restoring your
                  | health. [potion of mutation]
 61121 | Depths:3 | Lost mutation: You are frail. (-10% HP) [potion of
                  | mutation]
 61121 | Depths:3 | Gained mutation: You are somewhat resistant to further
                  | mutation. [potion of mutation]
 61121 | Depths:3 | Gained mutation: You are clumsy. (Dex -2) [potion of
                  | mutation]
 61122 | Depths:3 | Lost mutation: You are partially covered in iridescent
                  | scales. (AC +2) [potion of mutation]
 61122 | Depths:3 | Lost mutation: Armour fits poorly on your strangely shaped
                  | body. [potion of mutation]
 61122 | Depths:3 | Gained mutation: You have an increased reservoir of magic.
                  | (+10% MP) [potion of mutation]
 61492 | Depths:4 | Found a one-way gateway to a ziggurat.
 61681 | Depths:4 | Found an iron altar of Okawaru.
 61969 | Depths:4 | Found an opulent altar of Gozag.
 61989 | Depths:4 | Found a gate to the Realm of Zot.
 62310 | Depths:3 | Identified the +8 spear "Ehelih" {freeze, +Blink rC- rCorr
                  | Int-2}
 62432 | Zot:1    | Entered Level 1 of the Realm of Zot
 62447 | Zot:1    | Bought the ring "Tagaes" {rF++ EV+5 Str+3 SInv Stlth-} for
                  | 1531 gold pieces
 63507 | Zot:1    | Noticed a Killer Klown
 63516 | Zot:1    | Killed a Killer Klown
 63521 | Zot:1    | Noticed a Killer Klown
 63542 | Zot:1    | Killed a Killer Klown
 63820 | Zot:1    | Noticed a Killer Klown
 63841 | Zot:1    | Killed a Killer Klown
 63890 | Zot:1    | Noticed a Killer Klown
 63923 | Zot:1    | Killed a Killer Klown
 64824 | Crypt:1  | Entered Level 1 of the Crypt
 65056 | D:10     | You paid a toll of 5 potions of resistance to enter a
                  | treasure trove
 65057 | Trove    | Entered a treasure trove
 65062 | Trove    | Found the +4 consecrated labrys {holy, Valiant ^Fragile Fly
                  | SInv}
 65075 | Trove    | Identified the +0 helmet "Piajac Fudgh" {Harm Rampage Str-2
                  | Dex+5}
 65080 | Trove    | Identified the +4 plate armour "Oroski" {Will+ Int+5}
 65087 | Trove    | Identified the +12 plate armour of Understanding {rF+
                  | Regen+}
 65106 | Trove    | Identified the +9 broad axe of the Wraith {protect, Str+3
                  | Dex-5 Stlth+}
 65109 | Trove    | Identified the +3 pair of boots of Resilience {rN+ rCorr}
 65131 | Trove    | Identified the +1 hat "Yriufan" {Harm}
 65349 | Vaults:5 | Entered Level 5 of the Vaults
 65351 | Vaults:5 | Reached XP level 25. HP: 227/227 MP: 39/47
 65518 | Vaults:5 | Identified the +5 mace of the Teaching Fool {heavy, +Blink
                  | rF++ Str-2 Int+3}
 66889 | Vaults:5 | Noticed a dread lich
 66898 | Vaults:5 | Killed a dread lich
 67495 | Vaults:5 | Got a silver rune of Zot
 67847 | Vaults:4 | Learned a level 5 spell: Irradiate
 67854 | Vaults:4 | Learned a level 6 spell: Death Channel
 68004 | Crypt:1  | Reached skill level 1 in Necromancy
 68370 | Depths:3 | Killed a juggernaut
 68376 | Depths:3 | Bought the Lessons on the Sweltering Manifold for 768 gold
                  | pieces
 68613 | Crypt:1  | Acquired 872 gold pieces
 69825 | Crypt:3  | Entered Level 3 of the Crypt
 70008 | Crypt:3  | Found an ancient bone altar of Kikubaaqudgha.
 70068 | Crypt:3  | Reached XP level 26. HP: 242/242 MP: 47/47
 70476 | Crypt:3  | Identified the +7 flail of Dominance {vamp, rC+ rN+ Int+3
                  | SInv}
 70534 | Crypt:3  | Found a staircase to the Tomb.
 70534 | Crypt:3  | Noticed Jory
 70548 | Crypt:3  | Killed Jory
 70615 | Crypt:3  | Identified the ring of Serendipity {+Blink rC+ Str+3 Int+2}
 71231 | Depths:2 | Bought a transparent helmet for 503 gold pieces
 71231 | Depths:2 | Identified the +0 helmet of Taidurret {rN+ SInv} (You
                  | bought it in a shop on level 2 of the Depths)
 71251 | Pan      | Entered Pandemonium
 71389 | Pan      | Identified the +4 whip of the Wasteland {flame, ^Contam
                  | rF++ SInv Stlth+}
 72893 | Pan      | Noticed Saocs the pandemonium lord
 72915 | Pan      | Killed Saocs the pandemonium lord
 73849 | Pan      | Noticed Mennas
 73863 | Pan      | Killed Mennas
 73918 | Pan      | Found an exit through the horrors of the Abyss.
 73992 | Pan      | Noticed Ignacio
 74004 | Pan      | Killed Ignacio
 74238 | Pan      | Noticed Maagaorph the pandemonium lord
 74276 | Pan      | Killed Maagaorph the pandemonium lord
 74787 | Pan      | Entered the realm of Mnoleg.
 74906 | Pan      | Reached XP level 27. HP: 159/248 MP: 29/49
 75180 | Pan      | Found an ancient bone altar of Kikubaaqudgha.
 75224 | Pan      | Noticed Mnoleg
 75235 | Pan      | Reached skill level 15 in Conjurations
 75255 | Pan      | Killed Mnoleg
 75602 | Pan      | Gained mutation: You are occasionally teleported next to
                  | monsters. [a cacodemon]
 75685 | Pan      | Upgraded the game from 0.32-a0-411-g744942f433 to
                  | 0.32-a0-422-g28b100f618
 75731 | Pan      | Got a glowing rune of Zot
 76186 | Pan      | Found an exit through the horrors of the Abyss.
 76353 | Pan      | Noticed Fuaqac the pandemonium lord
 76389 | Pan      | Killed Fuaqac the pandemonium lord
 76510 | Depths:2 | Escaped Pandemonium
 76524 | Depths:2 | Learned a level 9 spell: Fire Storm
 76571 | Depths:2 | Bought a scroll of enchant armour for 180 gold pieces
 76571 | Depths:2 | Bought a scroll of fog for 96 gold pieces
 76571 | Depths:2 | Bought a scroll of revelation for 180 gold pieces
 76571 | Depths:2 | Bought a scroll of teleportation for 72 gold pieces
 76584 | Hell     | Entered the Vestibule of Hell
 76584 | Hell     | Noticed Geryon
 76610 | Hell     | Killed Geryon
 76663 | Hell     | Found a gateway to the freezing wastes of Cocytus.
 76932 | Hell     | Found a gateway to the ashen valley of Gehenna.
 76935 | Hell     | Found a gateway to the decaying netherworld of Tartarus.
 77322 | Hell     | Found a gateway to the Iron City of Dis.
 77393 | Coc:1    | Entered Level 1 of Cocytus
 77412 | Coc:1    | HP: 7/235 [wendigo/seracfall (22)]
 77613 | Depths:2 | Lost mutation: You are occasionally teleported next to
                  | monsters. [potion of mutation]
 77613 | Depths:2 | Lost mutation: You have an increased reservoir of magic.
                  | (+10% MP) [potion of mutation]
 77613 | Depths:2 | Lost mutation: You are clumsy. (Dex -2) [potion of
                  | mutation]
 77615 | Pan      | Entered Pandemonium
 77630 | Pan      | Identified the +9 broad axe "Pieja" {speed, rElec rF- SInv}
 77729 | Pan      | Noticed Septilu the pandemonium lord
 77737 | Pan      | Killed Septilu the pandemonium lord
 78218 | Pan      | Found an exit through the horrors of the Abyss.
 78369 | Pan      | Reached skill level 27 in Fire Magic
 78926 | Pan      | Noticed Peluwepe the pandemonium lord
 78935 | Pan      | Killed Peluwepe the pandemonium lord
 79240 | Pan      | Got a demonic rune of Zot
 79256 | Pan      | Got the Information on the Gang
 79782 | Pan      | Reached skill level 10 in Dodging
 79862 | Pan      | Entered the realm of Gloorx Vloq.
 79862 | Pan      | Found an exit through the horrors of the Abyss.
 80266 | Pan      | Found a burning altar of Makhleb.
 80795 | Pan      | Noticed Gloorx Vloq
 80811 | Pan      | Killed Gloorx Vloq
 80996 | Pan      | Got a dark rune of Zot
 81250 | Pan      | Noticed Elomohe the pandemonium lord
 81261 | Pan      | Killed Elomohe the pandemonium lord
 81815 | Pan      | Found a burning altar of Makhleb.
 82103 | Pan      | Noticed Gunyux the pandemonium lord
 82113 | Pan      | Killed Gunyux the pandemonium lord
 83061 | Pan      | Entered the realm of Lom Lobon.
 83133 | Pan      | Paralysed by a jorogumo for 3 turns
 83395 | Pan      | Noticed Lom Lobon
 83417 | Pan      | Killed Lom Lobon
 83427 | Pan      | Got a magical rune of Zot
 83742 | Pan      | Found an exit through the horrors of the Abyss.
 83825 | Pan      | Found an ancient bone altar of Kikubaaqudgha.
 84281 | Pan      | Noticed Niseibro the pandemonium lord
 84288 | Pan      | Killed Niseibro the pandemonium lord
 85491 | Pan      | Found an exit through the horrors of the Abyss.
 85502 | Pan      | Identified the +1 robe "Relucij" {+Inv}
 85593 | Pan      | Noticed Zooh the pandemonium lord
 85620 | Pan      | Killed Zooh the pandemonium lord
 86023 | Pan      | Gained mutation: Your mind is acute. (Int +4, Str/Dex -1)
                  | [a neqoxec]
 87424 | Pan      | Gained mutation: You are weak. (Str -2) [a cacodemon]
 87549 | Pan      | Found an exit through the horrors of the Abyss.
 88084 | Pan      | Noticed Otaginyu the pandemonium lord
 88094 | Pan      | Killed Otaginyu the pandemonium lord
 88103 | Pan      | Entered the realm of Cerebov.
 89471 | Pan      | Identified the +10 long sword of Skirmishing {venom, rPois
                  | rCorr Str+7 Dex-4}
 89471 | Pan      | Identified the amulet "Jedghud" {Rampage ^Drain Regen+
                  | Dex+5 SInv}
 89623 | Pan      | Found the +6 sword of Cerebov {flame}
 89623 | Pan      | Noticed Cerebov
 89671 | Pan      | HP: 10/250 [Brimstone Fiend/damnation (27)]
 90015 | Pan      | Learned a level 7 spell: Orb of Destruction
 90156 | Pan      | Killed Cerebov
 90186 | Pan      | Identified the +0 pair of boots "Xepruosi" {rPois rN++
                  | Will- rCorr}
 90458 | Pan      | Learned a level 3 spell: Swiftness
 91089 | Pan      | Got a fiery rune of Zot
 91370 | Pan      | Noticed Gygg the pandemonium lord
 91406 | Pan      | Killed Gygg the pandemonium lord
 92480 | Pan      | Noticed Utwu the pandemonium lord
 92494 | Pan      | Killed Utwu the pandemonium lord
 92771 | Pan      | Found a sparkling altar of Nemelex Xobeh.
 93121 | Pan      | Gained mutation: Your body sometimes deteriorates upon
                  | taking damage. [a cacodemon]
 93514 | Pan      | Noticed Otaosk the pandemonium lord
 93530 | Pan      | Killed Otaosk the pandemonium lord
 93531 | Pan      | Reached skill level 5 in Air Magic
 93863 | Pan      | Noticed Anneushy the pandemonium lord
 93880 | Pan      | Killed Anneushy the pandemonium lord
 93936 | Pan      | Found an exit through the horrors of the Abyss.
 94047 | Pan      | Took an exit into the Abyss.
 94047 | Abyss:1  | Escaped into the Abyss
 94404 | Abyss:3  | Found a corrupted altar of Lugonu.
 96077 | Abyss:4  | Paralysed by accursed screaming for 1 turns
 96230 | Abyss:4  | Noticed an ancient lich
 96242 | Abyss:4  | Killed an ancient lich
 96425 | Depths:2 | Escaped the Abyss
 96439 | Depths:2 | Bought a pair of buzzing boots for 256 gold pieces
 96439 | Depths:2 | Identified the +1 pair of boots of the Salamander {-Cast
                  | ^Contam rN++ rCorr} (You bought it in a shop on level 2 of
                  | the Depths)
 96447 | Depths:2 | Bought a pitted scarf for 390 gold pieces
 96447 | Depths:2 | Identified the scarf of Rurearo {+Inv, rPois rF+ Regen+}
                  | (You bought it in a shop on level 2 of the Depths)
 96671 | Zig:1    | Entered Level 1 of a ziggurat
 96697 | Zig:2    | Entered Level 2 of a ziggurat
 96701 | Zig:2    | Found the ring of Shadows {Umbra +Inv Stlth+}
 96763 | Zig:3    | Entered Level 3 of a ziggurat
 96766 | Zig:3    | Noticed an ancient lich
 96770 | Zig:3    | Killed an ancient lich
 96793 | Zig:4    | Entered Level 4 of a ziggurat
 96863 | Zig:5    | Entered Level 5 of a ziggurat
 96902 | Zig:5    | Identified the staff of Foqahar {Will++ Dex+4 Earth}
 96919 | Zig:6    | Entered Level 6 of a ziggurat
 96929 | Zig:6    | Found the +7 mace of Variability {chaos, chaos arc}
 96975 | Zig:6    | Identified the +0 plate armour "Reisu" {Rampage +Inv}
 96998 | Zig:7    | Entered Level 7 of a ziggurat
 97023 | Zig:7    | Found the +8 storm bow {elec, penet}
 97052 | Zig:7    | Got the Secrets of Unlucky Invitation
 97090 | Zig:8    | Entered Level 8 of a ziggurat
 97095 | Zig:8    | Noticed a royal mummy
 97097 | Zig:8    | Reached skill level 15 in Dodging
 97099 | Zig:8    | Noticed a royal mummy
 97100 | Zig:8    | Killed a royal mummy
 97103 | Zig:8    | Killed a royal mummy
 97256 | Zig:8    | Identified the +1 leather armour of Aphust {-Tele Harm
                  | Str+2 Stlth+}
 97265 | Zig:9    | Entered Level 9 of a ziggurat
 97273 | Zig:9    | Noticed a juggernaut
 97280 | Zig:9    | Killed a juggernaut
 97394 | Zig:9    | Identified the +5 rapier "Usouri" {speed, Fly Str-3 Stlth+}
 97426 | Zig:10   | Entered Level 10 of a ziggurat
 97604 | Zig:10   | Got the Handbook of Excavation
 97652 | Zig:11   | Entered Level 11 of a ziggurat
 97858 | Zig:12   | Entered Level 12 of a ziggurat
 98002 | Zig:12   | Identified the +1 trident of the Bespelling Tiger {holy,
                  | rC+}
 98023 | Zig:13   | Entered Level 13 of a ziggurat
 98027 | Zig:13   | Noticed Wegus the pandemonium lord
 98033 | Zig:13   | Noticed Durchaofi the pandemonium lord
 98043 | Zig:13   | Noticed Tastusus the pandemonium lord
 98046 | Zig:13   | Killed Durchaofi the pandemonium lord
 98061 | Zig:13   | Killed Wegus the pandemonium lord
 98065 | Zig:13   | Killed Tastusus the pandemonium lord
 98250 | Zig:13   | Identified the +4 falchion of War {protect, Fly rPois rF+++
                  | Will-}
 98272 | Zig:14   | Entered Level 14 of a ziggurat
 98501 | Zig:14   | Identified the +9 morningstar "Jellyslayer" {flame, Str+2}
 98510 | Zig:15   | Entered Level 15 of a ziggurat
 98755 | Zig:15   | Identified the +0 pair of gloves "Noema" {rF+ Will- Int+2
                  | Dex+3}
 98769 | Zig:15   | Identified the staff of Peydunan {Fly SInv Conj Earth}
 98777 | Zig:15   | Identified the ring "Qaexiehyck" {rF+ Stlth+}
 98785 | Zig:15   | Identified the -1 hat of Cuulloco {rC+ Will++}
 98786 | Zig:15   | Identified the +4 mace "Zakhlel" {drain, rC- rN+ Str+2}
 98799 | Zig:16   | Entered Level 16 of a ziggurat
 98822 | Zig:16   | Reached skill level 10 in Stealth
 98991 | Zig:16   | Identified the ring of Sattih {Fly Dex+2}
 99011 | Zig:16   | Identified the +3 flail of Zefyve {drain, +Blink Fly rElec
                  | rF-}
 99073 | Zig:17   | Entered Level 17 of a ziggurat
 99238 | Zig:17   | Identified the +11 quarterstaff "Myrywo" {freeze, Int+5
                  | SInv}
 99321 | Zig:17   | Identified the ring of Mutaumpo {Str+6 Int+5}
 99325 | Zig:17   | Identified the ring of Propriety {rPois rC+ Int+6 Dex-4}
 99361 | Zig:17   | Acquired the ring "Xeot Osch" {Wiz rF+ Str+6}
 99377 | Zig:18   | Entered Level 18 of a ziggurat
 99392 | Zig:18   | Reached skill level 5 in Necromancy
 99623 | Zig:18   | Identified the amulet of Temperance {Faith -Cast Harm Int-5
                  | Slay+4}
 99670 | Zig:18   | Learned a level 3 spell: Fugue of the Fallen
 99672 | Zig:19   | Entered Level 19 of a ziggurat
 99683 | Zig:19   | Found the +8 whip "Snakebite" {venom, curare, rPois}
 99684 | Zig:19   | Paralysed by an air elemental for 1 turns
 99887 | Zig:19   | Reached skill level 10 in Necromancy
 99899 | Zig:19   | Identified the ring "Acwar" {*Corrode rPois rN+ Int+3 SInv}
 99901 | Zig:19   | Identified the +6 hand cannon of Exquisite Death {flame,
                  | Str+6 Int-4 Stlth+}
 99908 | Zig:19   | Identified the +2 trident "Marchotadd" {freeze, Str+6}
100054 | Geh:1    | Entered Level 1 of Gehenna
100407 | Geh:5    | Noticed an ancient lich
100415 | Geh:5    | Killed an ancient lich
100737 | Depths:3 | Killed a juggernaut
100773 | Depths:2 | Voluntarily entered the Abyss.
101029 | Depths:2 | Escaped the Abyss
101492 | Hell     | Lost mutation: Your mind is acute. (Int +4, Str/Dex -1)
                  | [potion of mutation]
101492 | Hell     | Lost mutation: You are somewhat resistant to further
                  | mutation. [potion of mutation]
101492 | Hell     | Lost mutation: Your body sometimes deteriorates upon taking
                  | damage. [potion of mutation]
101492 | Hell     | Gained mutation: You occasionally lose the ability to read
                  | scrolls when taking damage. [potion of mutation]
101492 | Hell     | Gained mutation: You have sharp fingernails. [potion of
                  | mutation]
101492 | Hell     | Gained mutation: Your mind is acute. (Int +4, Str/Dex -1)
                  | [potion of mutation]
101503 | Hell     | Lost mutation: You have sharp fingernails. [potion of
                  | mutation]
101503 | Hell     | Lost mutation: Your mind is acute. (Int +4, Str/Dex -1)
                  | [potion of mutation]
101503 | Hell     | Lost mutation: You are weak. (Str -2) [potion of mutation]
101503 | Hell     | Gained mutation: You passively map a small area around you.
                  | [potion of mutation]
101503 | Hell     | Gained mutation: You are clumsy. (Dex -2) [potion of
                  | mutation]
101503 | Hell     | Gained mutation: You have sharp toenails. [potion of
                  | mutation]
101504 | Hell     | Lost mutation: You are clumsy. (Dex -2) [potion of
                  | mutation]
101504 | Hell     | Lost mutation: You occasionally lose the ability to read
                  | scrolls when taking damage. [potion of mutation]
101504 | Hell     | Lost mutation: You have sharp toenails. [potion of
                  | mutation]
101504 | Hell     | Gained mutation: Your mind is acute. (Int +4, Str/Dex -1)
                  | [potion of mutation]
101504 | Hell     | Gained mutation: You are frail. (-10% HP) [potion of
                  | mutation]
101504 | Hell     | Gained mutation: Your flesh is cold resistant. (rC+)
                  | [potion of mutation]
101952 | Tomb:1   | Entered Level 1 of the Tomb of the Ancients
103775 | Tomb:1   | Noticed a royal mummy
103801 | Tomb:1   | Killed a royal mummy
104001 | Tomb:1   | Noticed a royal mummy
104004 | Tomb:1   | Killed a royal mummy
104674 | Shoals:4 | Bought a +9 ring of slaying for 2708 gold pieces
105100 | Depths:2 | Voluntarily entered the Abyss.
105205 | Abyss:4  | Reached skill level 27 in Armour
105473 | Abyss:4  | Found a corrupted altar of Lugonu.
105595 | Abyss:4  | Found a shimmering altar of Xom.
105625 | Abyss:4  | Got an abyssal rune of Zot
105670 | Depths:2 | Escaped the Abyss
106383 | Zot:2    | Noticed an orb of fire
106393 | Zot:2    | Gained mutation: You are partially covered in iridescent
                  | scales. (AC +2) [an orb of fire]
106394 | Zot:2    | Reached skill level 1 in Shapeshifting
106396 | Zot:2    | Gained mutation: You are clumsy. (Dex -2) [an orb of fire]
106407 | Zot:2    | Gained mutation: Potions are less effective at restoring
                  | your health. [an orb of fire]
106408 | Zot:2    | Killed an orb of fire
107102 | Zot:3    | Found a shimmering blue altar of Sif Muna.
107180 | Zot:3    | Identified the +5 hand axe of the Slimy God {holy, +Blink
                  | rN+}
107442 | Zot:3    | Found a shimmering blue altar of Sif Muna.
107731 | Zot:4    | Reached skill level 5 in Shapeshifting
108584 | Zot:5    | Entered Level 5 of the Realm of Zot
108948 | Zot:5    | Noticed an orb of fire
108949 | Zot:5    | Noticed an orb of fire
108953 | Zot:5    | Noticed an orb of fire
108953 | Zot:5    | Noticed an ancient lich
108955 | Zot:5    | Noticed a dread lich
108956 | Zot:5    | Noticed a dread lich
108962 | Zot:5    | Noticed a dread lich
108963 | Zot:5    | Killed an orb of fire
108964 | Zot:5    | Killed an ancient lich
108966 | Zot:5    | Killed a dread lich
108968 | Zot:5    | Noticed a dread lich
108970 | Zot:5    | Killed an orb of fire
108974 | Zot:5    | Killed a dread lich
108974 | Zot:5    | Killed a dread lich
108975 | Zot:5    | Reached skill level 10 in Shapeshifting
108979 | Zot:5    | Killed a dread lich
108984 | Zot:5    | Gained mutation: You occasionally shout uncontrollably at
                  | your foes. [an orb of fire]
108986 | Zot:5    | Killed an orb of fire
111125 | Coc:7    | Entered Level 7 of Cocytus
111145 | Coc:7    | Reached skill level 15 in Shapeshifting
111614 | Coc:7    | Noticed the Serpent of Hell
111628 | Coc:7    | Killed the Serpent of Hell
112164 | Coc:7    | Paralysed by a wendigo for 1 turns
112496 | Coc:7    | Noticed Antaeus
112551 | Coc:7    | Killed Antaeus
112552 | Coc:7    | Paralysed by a wendigo for 1 turns
112632 | Coc:7    | Got an icy rune of Zot
112638 | Coc:7    | Identified the +0 robe of Ypisual {rElec rN+++ Will+
                  | Stlth-}
112962 | Coc:7    | Paralysed by a wendigo for 1 turns
113106 | Coc:7    | Identified the +0 leather armour "Puich" {Harm}
113402 | Dis:1    | Entered Level 1 of the Iron City of Dis
114453 | Dis:4    | Gained mutation: Potions cannot restore your health.
                  | [mutagenic glow]
114464 | Dis:4    | Lost mutation: Your mind is acute. (Int +4, Str/Dex -1)
                  | [mutagenic glow]
114478 | Dis:4    | Gained mutation: Your body sometimes deteriorates upon
                  | taking damage. [mutagenic glow]
114868 | Dis:6    | Noticed a dread lich
114868 | Dis:6    | Noticed an ancient lich
114875 | Dis:6    | Killed an ancient lich
114886 | Dis:6    | Killed a dread lich
115016 | Dis:3    | Lost dexterity.
115098 | Hell     | Lost mutation: You are partially covered in iridescent
                  | scales. (AC +2) [potion of mutation]
115098 | Hell     | Lost mutation: You passively map a small area around you.
                  | [potion of mutation]
115098 | Hell     | Lost mutation: Your flesh is cold resistant. (rC+) [potion
                  | of mutation]
115098 | Hell     | Gained mutation: Your movements are slightly less
                  | encumbered by armour. (ER -2) [potion of mutation]
115099 | Hell     | Lost mutation: You occasionally shout uncontrollably at
                  | your foes. [potion of mutation]
115099 | Hell     | Lost mutation: Potions cannot restore your health. [potion
                  | of mutation]
115099 | Hell     | Gained mutation: You are strong-willed. (Will+) [potion of
                  | mutation]
115099 | Hell     | Gained mutation: Your mind is acute. (Int +4, Str/Dex -1)
                  | [potion of mutation]
115100 | Hell     | Lost mutation: You are clumsy. (Dex -2) [potion of
                  | mutation]
115100 | Hell     | Lost mutation: Your mind is acute. (Int +4, Str/Dex -1)
                  | [potion of mutation]
115100 | Hell     | Gained mutation: You are dopey. (Int -2) [potion of
                  | mutation]
115100 | Hell     | Lost mutation: You are strong-willed. (Will+) [potion of
                  | mutation]
115101 | Hell     | Lost mutation: You are frail. (-10% HP) [potion of
                  | mutation]
115101 | Hell     | Lost mutation: You are dopey. (Int -2) [potion of mutation]
115102 | Hell     | Lost mutation: Your movements are slightly less encumbered
                  | by armour. (ER -2) [potion of mutation]
115102 | Hell     | Lost mutation: Your body sometimes deteriorates upon taking
                  | damage. [potion of mutation]
115102 | Hell     | Lost mutation: Potions are less effective at restoring your
                  | health. [potion of mutation]
115102 | Hell     | Gained mutation: You have large cloven feet. [potion of
                  | mutation]
115102 | Hell     | Gained mutation: You have a pair of small horns on your
                  | head. [potion of mutation]
115221 | Depths:2 | Bought the +3 crown of Dyrovepreva {rElec Int+2 SInv} for
                  | 1614 gold pieces
115221 | Depths:2 | Found the +3 crown of Dyrovepreva {rElec Int+2 SInv}
115236 | Depths:2 | Learned a level 4 spell: Vhi's Electric Charge
115320 | Dis:2    | Lost dexterity.
117023 | Pan      | Entered Pandemonium
117170 | Pan      | Found an exit through the horrors of the Abyss.
117226 | Pan      | Gained mutation: Your magical capacity is low. (-10% MP) [a
                  | cacodemon]
117233 | Pan      | Noticed Muxt the pandemonium lord
117248 | Pan      | Gained mutation: Your body sometimes deteriorates upon
                  | taking damage. [a cacodemon]
117251 | Pan      | Killed Muxt the pandemonium lord
117302 | Pan      | Reached skill level 27 in Axes
117968 | Pan      | Took an exit into the Abyss.
117968 | Abyss:4  | Escaped into the Abyss
117981 | Abyss:4  | Lost mutation: Your magical capacity is low. (-10% MP)
                  | [potion of mutation]
117981 | Abyss:4  | Lost mutation: You have a pair of small horns on your head.
                  | [potion of mutation]
117981 | Abyss:4  | Gained mutation: Your muscles are strong. (Str +4, Int/Dex
                  | -1) [potion of mutation]
117981 | Abyss:4  | Gained mutation: You occasionally lose the ability to drink
                  | potions when taking damage. [potion of mutation]
117981 | Abyss:4  | Gained mutation: Your flesh is cold resistant. (rC+)
                  | [potion of mutation]
117985 | Abyss:4  | Lost mutation: You have large cloven feet. [potion of
                  | mutation]
117985 | Abyss:4  | Lost mutation: Your body sometimes deteriorates upon taking
                  | damage. [potion of mutation]
117985 | Abyss:4  | Lost mutation: Your muscles are strong. (Str +4, Int/Dex
                  | -1) [potion of mutation]
117985 | Abyss:4  | Gained mutation: You have an increased reservoir of magic.
                  | (+10% MP) [potion of mutation]
117985 | Abyss:4  | Gained mutation: You are frail. (-10% HP) [potion of
                  | mutation]
118131 | Abyss:4  | Paralysed by accursed screaming for 1 turns
118212 | Abyss:4  | Paralysed by accursed screaming for 1 turns
118330 | Abyss:4  | Gained mutation: You sometimes lose your temper in combat.
                  | [a neqoxec]
118357 | Depths:2 | Escaped the Abyss
118776 | Zot:5    | Noticed a dread lich
118792 | Zot:5    | Killed a dread lich
118937 | Zot:5    | Noticed a dread lich
118945 | Zot:5    | Killed a dread lich
119090 | Zot:5    | Noticed an ancient lich
119096 | Zot:5    | Killed an ancient lich
119277 | Zot:5    | Lost mutation: You have an increased reservoir of magic.
                  | (+10% MP) [potion of mutation]
119277 | Zot:5    | Lost mutation: You are frail. (-10% HP) [potion of
                  | mutation]
119277 | Zot:5    | Lost mutation: You sometimes lose your temper in combat.
                  | [potion of mutation]
119277 | Zot:5    | Gained mutation: Your mind is acute. (Int +4, Str/Dex -1)
                  | [potion of mutation]
119277 | Zot:5    | Gained mutation: You possess an exceptional clarity of
                  | mind. [potion of mutation]
119437 | Tar:1    | Entered Level 1 of Tartarus
121930 | Tar:7    | Entered Level 7 of Tartarus
122045 | Tar:7    | Identified the amulet "Rodouh" {Reflect rC+ SH+5}
122057 | Tar:7    | Identified the staff of the Bedazzling Gods {rElec Int+2
                  | Air}
122088 | Tar:7    | Identified the +2 robe "Esuboas" {rN+ SInv}
122107 | Tar:7    | Identified the +0 plate armour of the Abyss {Rampage rPois
                  | Str-3 Dex+3}
122979 | Tar:7    | Noticed Ereshkigal
122984 | Tar:7    | Killed Ereshkigal
123196 | Tar:7    | Got a bone rune of Zot
123410 | Dis:5    | Lost dexterity.
123489 | Dis:6    | Noticed an ancient lich
123493 | Dis:6    | Noticed an ancient lich
123495 | Dis:6    | Killed an ancient lich
123496 | Dis:6    | Killed an ancient lich
124488 | Tomb:1   | Identified the +2 pair of boots "Bum Mivvehum" {rF+ Dex+3}
124590 | Tomb:2   | Noticed a royal mummy
124594 | Tomb:2   | Noticed a royal mummy
124594 | Tomb:2   | Noticed a royal mummy
124596 | Tomb:2   | Noticed a royal mummy
124599 | Tomb:2   | Killed a royal mummy
124612 | Tomb:2   | Killed a royal mummy
124612 | Tomb:2   | Killed a royal mummy
124613 | Tomb:2   | Killed a royal mummy
124614 | Tomb:2   | Reached skill level 27 in Fighting
124652 | Tomb:2   | Noticed a royal mummy
124656 | Tomb:2   | Killed a royal mummy
125190 | Tomb:1   | Noticed a royal mummy
125192 | Tomb:1   | Noticed a royal mummy
125194 | Tomb:1   | Noticed a royal mummy
125197 | Tomb:1   | Killed a royal mummy
125197 | Tomb:1   | Killed a royal mummy
125198 | Tomb:1   | Noticed a royal mummy
125199 | Tomb:1   | Noticed a royal mummy
125199 | Tomb:1   | Noticed a royal mummy
125199 | Tomb:1   | Noticed a royal mummy
125199 | Tomb:1   | Noticed a royal mummy
125200 | Tomb:1   | Noticed a royal mummy
125200 | Tomb:1   | Noticed a royal mummy
125203 | Tomb:1   | Killed a royal mummy
126412 | Geh:7    | Entered Level 7 of Gehenna
126439 | Geh:7    | Reached skill level 27 in Spellcasting
126970 | Geh:7    | Found the +13 sceptre of Asmodeus
126970 | Geh:7    | Noticed Asmodeus
126981 | Geh:7    | Killed Asmodeus
126996 | Geh:7    | Got an obsidian rune of Zot
127106 | Geh:7    | Found the +5 scythe "Finisher" {speed, execute}
127518 | Dis:7    | Entered Level 7 of the Iron City of Dis
127518 | Dis:7    | Noticed a juggernaut
127533 | Dis:7    | Killed a juggernaut
129052 | Dis:7    | Identified the ring of Uboetiuqa {rElec rC+ Will+ EV+5
                  | Str+3}
129082 | Dis:7    | Noticed Dispater
129109 | Dis:7    | Killed Dispater
129332 | Dis:7    | Got an iron rune of Zot
130190 | Tomb:1   | Killed a royal mummy
130195 | Tomb:1   | Killed a royal mummy
130199 | Tomb:1   | Killed a royal mummy
130208 | Tomb:1   | Killed a royal mummy
130328 | Tomb:1   | Killed a royal mummy
130447 | Tomb:1   | Noticed a royal mummy
130453 | Tomb:1   | Killed a royal mummy
130456 | Tomb:1   | Noticed a royal mummy
130461 | Tomb:1   | Noticed a royal mummy
130476 | Tomb:1   | Noticed a royal mummy
130481 | Tomb:1   | Noticed a royal mummy
130499 | Tomb:1   | Killed a royal mummy
130635 | Tomb:3   | Entered Level 3 of the Tomb of the Ancients
130648 | Tomb:3   | Killed a royal mummy
130687 | Tomb:3   | Noticed a royal mummy
130687 | Tomb:3   | Noticed a royal mummy
130689 | Tomb:3   | Killed a royal mummy
130690 | Tomb:3   | Killed a royal mummy
130690 | Tomb:3   | Killed a royal mummy
130690 | Tomb:3   | Noticed a royal mummy
130691 | Tomb:3   | Killed a royal mummy
131003 | Tomb:1   | Killed a royal mummy
131025 | Tomb:1   | Killed a royal mummy
131207 | Tomb:3   | Noticed a royal mummy
131211 | Tomb:3   | Killed a royal mummy
131262 | Tomb:3   | Noticed a royal mummy
131269 | Tomb:3   | Noticed a royal mummy
131270 | Tomb:3   | Killed a royal mummy
131280 | Tomb:3   | Noticed a royal mummy
131281 | Tomb:3   | Killed a royal mummy
131282 | Tomb:3   | Killed a royal mummy
131749 | Tomb:3   | Found the +7 great mace "Undeadhunter" {deathbane, rN+}
131756 | Tomb:3   | Found the necklace of Bloodlust {Fury *Rage Will++ Int-3
                  | Slay+6}
131770 | Tomb:3   | Identified the +5 scale mail of Limum {rN+}
131796 | Tomb:3   | Identified the +6 short sword of Xelaut {drain, rN+ Stlth+}
131798 | Tomb:3   | Identified the +7 long sword of the Establishment {freeze,
                  | rElec rPois rF+ Int+3}
131841 | Tomb:3   | Identified the staff of Wu Jian's Castigation {rElec rF+
                  | rN+ Will- Summ Air}
131901 | Tomb:3   | Got a golden rune of Zot
132515 | Zig:1    | Entered Level 1 of a ziggurat
132535 | Zig:2    | Entered Level 2 of a ziggurat
132559 | Zig:3    | Entered Level 3 of a ziggurat
132644 | Zig:3    | Identified the +0 morningstar "Tepseddu" {freeze, *Corrode
                  | Fly rC+++ Dex+3}
132661 | Zig:4    | Entered Level 4 of a ziggurat
132713 | Zig:4    | Identified the +6 lajatang of Ash {venom, rC+ rN+ Str+2
                  | Stlth-}
132732 | Zig:5    | Entered Level 5 of a ziggurat
132865 | Zig:5    | Identified the amulet "Ostrug" {RegenMP rElec MP+9 Str+4}
132888 | Zig:6    | Entered Level 6 of a ziggurat
132901 | Zig:6    | Identified the amulet "Muerin" {Faith *Slow Dex+8}
132916 | Zig:6    | Identified the scarf of Lust {shadows, Int+2}
132940 | Zig:7    | Entered Level 7 of a ziggurat
133038 | Zig:7    | Identified the +0 spear "Liolu" {speed, rPois Will+}
133042 | Zig:7    | Identified the +6 chain mail of the Shining Light {Slay+3}
133045 | Zig:7    | Identified the +3 shortbow "Ywiynn" {drain, rC+ Str+7}
133098 | Zig:8    | Entered Level 8 of a ziggurat
133107 | Zig:8    | Noticed Kenalac the pandemonium lord
133109 | Zig:8    | Reached skill level 15 in Evocations
133114 | Zig:8    | Killed Kenalac the pandemonium lord
133144 | Zig:8    | Identified the staff "Peheted" {rCorr Str+2 Dex-2 Conj}
133147 | Zig:8    | Identified the +0 helmet "Ihed" {Rampage rF+ rC- rN++}
133161 | Zig:9    | Entered Level 9 of a ziggurat
133217 | Zig:9    | Found the brooch of Shielding {Spirit SH+8}
133315 | Zig:10   | Entered Level 10 of a ziggurat
133385 | Zig:10   | Identified the +1 war axe of Propriety {freeze, ^Contam
                  | rPois Dex+5 Stlth+}
133401 | Zig:10   | Identified the ring of Xotinuex {Will+ Int+6}
133411 | Zig:10   | Identified the +3 battleaxe of the Fray {heavy, Dex+2}
133442 | Zig:11   | Entered Level 11 of a ziggurat
133516 | Zig:11   | Identified the amulet "Owuap" {Spirit ^Drain rElec rF+
                  | Str+4}
133519 | Zig:11   | Identified the amulet "Qetydoyh" {Will+ Regen+}
133603 | Zig:12   | Entered Level 12 of a ziggurat
133779 | Zig:12   | Identified the +4 broad axe "Dezumon" {spect, Will+++
                  | rCorr}
133869 | Zig:13   | Entered Level 13 of a ziggurat
133879 | Zig:13   | Reached skill level 27 in Conjurations
134144 | Zig:14   | Entered Level 14 of a ziggurat
134389 | Zig:14   | Found the +8 pair of quick blades "Gyre" and "Gimble"
                  | {protect}
134481 | Zig:14   | Identified the +0 hand axe of Beogh's Indignation {freeze,
                  | Dex+3}
134495 | Zig:14   | Identified the +5 ring mail "Zoxom" {rC++}
134637 | Zig:15   | Entered Level 15 of a ziggurat
134654 | Zig:15   | Noticed Wuhia the pandemonium lord
134666 | Zig:15   | Killed Wuhia the pandemonium lord
134790 | Zig:15   | Identified the +6 falchion of the Beast {drain, rC+}
134802 | Zig:15   | Identified the staff "Daprah" {rF+ rC++ Earth}
134803 | Zig:15   | Identified the amulet of the Jester {Spirit Str+3}
134815 | Zig:15   | Identified the staff "Hevuopso" {rC++ rN+ Int-4 SInv Stlth+
                  | Necro}
134877 | Zig:16   | Entered Level 16 of a ziggurat
134909 | Zig:16   | Reached skill level 10 in Air Magic
135172 | Zig:16   | Identified the +4 short sword of Contradiction {flame, Fly
                  | Str-4 Int+8 Stlth-}
135174 | Zig:16   | Identified the +4 pair of boots of Quantum Leap {rN++
                  | Int-4}
135188 | Zig:16   | Acquired 1141 gold pieces
135190 | Zig:16   | Acquired 729 gold pieces
135192 | Zig:16   | Acquired the +0 pair of boots of Disaster {Will+ Regen+
                  | Str+3}
135218 | Zig:17   | Entered Level 17 of a ziggurat
135323 | Zig:17   | Found the +10 dark maul {heavy}
135403 | Zig:18   | Entered Level 18 of a ziggurat
135416 | Zig:18   | Noticed a dread lich
135426 | Zig:18   | Killed a dread lich
135619 | Zig:18   | Identified the staff "Orb Guardian's Peril" {rPois rC+
                  | Int-4 SInv Alchemy}
135627 | Zig:18   | Identified the +5 dire flail of Demand {flame, rF+ rN+
                  | Dex+2}
135629 | Zig:18   | Identified the +8 demon blade of Ascent {elec, rElec rPois}
135641 | Zig:18   | Acquired 926 gold pieces
135660 | Zig:19   | Entered Level 19 of a ziggurat
135680 | Zig:19   | Noticed a dread lich
135724 | Zig:19   | Killed a dread lich
135853 | Zig:19   | Identified the +0 demon trident of Itsuath {venom, rPois
                  | Dex+5}
135855 | Zig:19   | Reached skill level 15 in Air Magic
135865 | Zig:19   | Learned a level 8 spell: Borgnjor's Revivification
135882 | Zig:19   | Identified the staff "Cesiaviq" {*Slow rN++ Int+3 Dex+3
                  | Conj}
135950 | Zig:20   | Entered Level 20 of a ziggurat
135979 | Zig:20   | Noticed an ancient lich
135981 | Zig:20   | Noticed an ancient lich
135983 | Zig:20   | Noticed a dread lich
135984 | Zig:20   | Noticed an ancient lich
135986 | Zig:20   | Killed a dread lich
135986 | Zig:20   | Killed an ancient lich
135986 | Zig:20   | Killed an ancient lich
135989 | Zig:20   | Noticed a dread lich
135994 | Zig:20   | Killed an ancient lich
135994 | Zig:20   | Killed a dread lich
136113 | Zig:20   | Identified the +0 great sword of the Forging Gods {venom,
                  | Str+3}
136116 | Zig:20   | Identified the +1 falchion of Honour {heavy, Dex+2}
136127 | Zig:20   | Identified the staff of Xuqifeox {rF+ Int+3 Conj Fire}
136163 | Zig:20   | Learned a level 9 spell: Chain Lightning
136164 | Zig:21   | Entered Level 21 of a ziggurat
136196 | Zig:21   | Reached skill level 15 in Necromancy
136332 | Zig:21   | Identified the +3 orcbow of Ascent {antimagic, ^Drain rElec
                  | rCorr Stlth+}
136334 | Zig:21   | Identified the +0 trident of the Tired Mice {venom, rElec
                  | rN+ Int+3}
136343 | Zig:22   | Entered Level 22 of a ziggurat
136532 | Zig:22   | Identified the +4 orcbow of World Downfall {antimagic,
                  | ^Contam Int+2 Dex+3}
136637 | Zig:23   | Entered Level 23 of a ziggurat
136705 | Zig:23   | Noticed a dread lich
136729 | Zig:24   | Entered Level 24 of a ziggurat
136837 | Zig:24   | Noticed a royal mummy
136842 | Zig:24   | Noticed a royal mummy
136846 | Zig:24   | Killed a royal mummy
136850 | Zig:24   | Killed a royal mummy
136857 | Zig:24   | Noticed a royal mummy
136861 | Zig:24   | Killed a royal mummy
136864 | Zig:24   | Noticed a royal mummy
136869 | Zig:24   | Killed a royal mummy
136870 | Zig:24   | Noticed a royal mummy
136873 | Zig:24   | Noticed a royal mummy
136874 | Zig:24   | Noticed a royal mummy
136875 | Zig:24   | Killed a royal mummy
136875 | Zig:24   | Noticed a royal mummy
136876 | Zig:24   | Killed a royal mummy
136876 | Zig:24   | Noticed a royal mummy
136884 | Zig:24   | Killed a royal mummy
136886 | Zig:24   | Killed a royal mummy
136887 | Zig:24   | Killed a royal mummy
137033 | Zig:24   | Identified the ring "Earthly Heaven" {Fly Will+ Str+2}
137037 | Zig:24   | Identified the +11 shortbow of Guixy {speed, Fly Will-
                  | Int-3 Stlth+}
137254 | Zig:25   | Entered Level 25 of a ziggurat
137555 | Zig:25   | Found the +8 demon trident "Rift" {distort, reach+}
137556 | Zig:25   | Found the +12 glaive of Prune {freeze, Prune}
137564 | Zig:25   | Identified the ring "Emes" {Ice Str+4}
137565 | Zig:25   | Identified the +2 robe of Greed {rPois rF+ Will++ Slay-4}
137568 | Zig:25   | Identified the +7 morningstar of Zymp {freeze, *Rage rC+
                  | Int+3 Dex+3}
137585 | Zig:25   | Identified the ring "Lafeuwk" {rN+ rCorr Int+4 SInv Stlth-}
137587 | Zig:25   | Identified the +4 morningstar "Ehuod" {freeze, *Rage rN+++
                  | rCorr Str-2}
137591 | Zig:25   | Identified the +5 orcbow of Crusades {speed, rElec rC+
                  | Will- Dex+2}
137617 | Zig:26   | Entered Level 26 of a ziggurat
137781 | Zig:26   | Identified the +7 long sword of Seagyn {heavy, Dex+4}
137783 | Zig:26   | Identified the ring of Xilam {Ice rCorr Dex+5}
137792 | Zig:26   | Identified the +1 spear of the Shoals {drain, rPois}
137793 | Zig:26   | Identified the +2 robe "Zeyr" {rC+ Slay+2 Stlth+}
137807 | Zig:26   | Identified the +6 trident of Legen {speed, rF++}
137928 | Zig:27   | Entered Level 27 of a ziggurat
137950 | Zig:27   | Gained mutation: You have hidden genetic defects. [a
                  | shining eye]
137964 | Zig:27   | Found the ring of the Mage {Wiz Archmagi}
137965 | Zig:27   | Found the ring of the Octopus King
137988 | Zig:27   | Gained mutation: Your body sometimes deteriorates upon
                  | taking damage. [hidden defects]
138036 | Zig:27   | Identified the +1 robe of the Aged Bones {Will+ Archmagi}
138041 | Zig:27   | Identified the +11 executioner's axe of Podil {vamp, rPois
                  | Str+4 Int+3}
138052 | Zig:27   | Identified a ring of the Octopus King {HP+2 MP+9 AC+2 EV+2
                  | SH+2}
138480 | Zot:5    | Got the Orb of Zot
139139 | D:1      | Noticed Ubeocew the pandemonium lord
139141 | D:1      | Killed Ubeocew the pandemonium lord
139190 | D:1      | Noticed Aluni the pandemonium lord
139196 | D:1      | Killed Aluni the pandemonium lord
139212 | D:$      | Escaped with the Orb!

Illustrated notes

Levels and vault maps discovered:
D:1:      dpeg_arrival_water_fire, layout_basic, serial_shops, shop
D:2:      layout_basic, minmay_misc_feat_doors, grunt_ministairs_9,
          serial_park_tiny_pond
D:3:      layout_basic, uniq_natasha, uniq_robin, uniq_sigmund
D:4:      layout_basic, mainiacjoe_overflow_big_doors,
          nemelex_diamond_rough_becter, uniq_menkaure
D:5:      layout_gridville, minmay_temple_entry_fiery
D:6:      layout_basic, serial_shops, nicolae_diamond_shop
D:7:      layout_loops_ring, lightli_ossuary_entry_decrepit_ruins
D:8:      layout_basic, minmay_lair_entry_grove, serial_shops,
          nicolae_shop_pleasant_corner_grove, shop
D:9:      layout_loops_cross, fedhas_altar_2, erik_orc_1,
          dreamdust_gnoll_shepherd, uniq_pikel
D:10:     layout_small_grid, mainiacjoe_overflow_tiny_flanked,
          ebering_ghost_xom, enter_trove_2, minmay_liquid_box,
          serial_library_hellmonk_room_b
D:11:     layout_roguey, serial_shops, shop,
          nicolae_concentric_dashed_squares_mild, nicolae_shop_vocational,
          uniq_fannar, uniq_grum
D:12:     layout_long_grid, gauntlet_entry_generic, chequers_big_river,
          st_stairs_6, uniq_snorg, uniq_erolcha, uniq_nessos
D:13:     layout_small_grid, nicolae_guarded_unrand_storm_shield
D:14:     minmay_the_grid_triangle_9x9_recursive_3_mashed
          [minmay_the_grid_triangle_9x9_corrupted_corridor,
          minmay_the_grid_triangle_9x9_tough_junction,
          minmay_the_grid_triangle_9x9_descending_squares,
          minmay_the_grid_triangle_9x9_prize_center,
          minmay_the_grid_triangle_9x9_skeleton,
          minmay_the_grid_triangle_9x9_pentomino_pain,
          minmay_the_grid_triangle_9x9_corruption,
          minmay_the_grid_triangle_9x9_semitri,
          minmay_the_grid_triangle_9x9_cache], layout_loops_cross
D:15:     grunt_enter_depths_snipers, layout_irregular_city, serial_shops,
          nicolae_diamond_shop, nzn_wu_jian_council_hall,
          minmay_increasing_density
Temple:   nicolae_temple_bog_church
Lair:1:   layout_gridlike, grunt_megastairs_4, uniq_joseph
Lair:2:   layout_hall_layers, elwin_shoals_entry_rooms,
          spider_nest_entry_web_field, uniq_gastronok
Lair:3:   layout_regular_city
Lair:4:   layout_gridlike, nicolae_slime_entry_slimehenge, beast_lair_carwin_1,
          infiniplex_staircase_pool_2, uniq_urug
Lair:5:   gammafunk_lair_ancient_temple, layout_regular_city,
          gammafunk_ghost_hive
Shoals:1: cheibrodos_shoals_epimethial_gifts, layout_shoals,
          nicolae_shop_dragon_depot, nicolae_shoals_arrival_archipelago
Shoals:2: layout_shoals, nicolae_shoals_water_booths
Shoals:3: dreamdust_from_the_deep, layout_shoals, nicolae_shop_gadgets
Shoals:4: shoals_end_hangedman, layout_shoals, nicolae_shop_unique_rings,
          uniq_roxanne
Spider:1: nicolae_spider_corner, nicolae_spider_rock_and_or_roll
Spider:2: layout_cave_pods, uniq_nikola, uniq_arachne
Spider:3: layout_spider_delve, guppyfry_spider_mini_1
Spider:4: johnstein_spider_rune_arachne_lair, hellmonk_deceptive_appearances
Slime:1:  layout_caves
Slime:2:  layout_caves
Slime:3:  layout_caves
Slime:4:  layout_caves
Slime:5:  slime_pit
Orc:1:    layout_diamond_mine, basic_altar
Orc:2:    grunt_orc_gardens, layout_caves, grunt_orc_garden, grunt_orc_garden,
          grunt_orc_garden, grunt_orc_garden
Elf:1:    layout_loops_corners, special_room [special_room_mythical_zoo],
          serial_shops, nicolae_shop_back_alley_shop, minmay_elf_annihilation
Elf:2:    elven_hall_of_blades_hangedman_original [nicolae_blade_lattice],
          layout_onion_city, serial_shops, nicolae_shop_waterfront, uniq_donald,
          uniq_agnes
Elf:3:    grunt_elf_hall_branching, layout_loops_cross, uniq_mara
Vaults:1: ontoclasm_vaults_ring_large, hangedman_vaults_corner_blocks,
          nicolae_vaults_shipping_containers_7, v_pattern_2,
          vaults_mumra_hexcomb, v_misc_2, nicolae_vaults_trapezoid_lopsided_3,
          hangedman_vaults_nails, lightli_orcish_oven,
          nicolae_vaults_mini_display_case, nicolae_vaults_specimen_jars,
          layout_vaults_ring
Vaults:2: v_misc_23, nicolae_vaults_cornered_office,
          nicolae_vaults_double_plus_3, nicolae_vaults_hexular_roomagon,
          nicolae_vaults_tangram_1, dpeg_vaults_monster_box,
          nicolae_vaults_network_s, ontoclasm_vaults_idyll,
          hangedman_vaults_pinch, nicolae_vaults_network_quinsquares
          [nicolae_vaults_network_quincunx_subvault,
          nicolae_vaults_network_quincunx_subvault,
          nicolae_vaults_network_quincunx_subvault,
          nicolae_vaults_network_quincunx_subvault], grunt_vaults_twisty,
          nicolae_vaults_tetromino_L_2, layout_vaults_big_room, serial_glass,
          serial_shops, nicolae_shop_crystal
Vaults:3: portal_desolation_entry_holy_temple, minmay_crypt_entry_simple_plaza,
          v_misc_4, hangedman_vaults_hat, v_misc_14,
          nicolae_vaults_sesquioval_fish, grunt_vaults_hallway_long,
          nicolae_vaults_layer_cake_slice, v_misc_13,
          ontoclasm_vaults_loading_screen, ontoclasm_vaults_ring_square,
          nicolae_vaults_diamond_1, st_lattice,
          nicolae_vaults_diagonal_hallway_8, ontoclasm_vaults_bender,
          ontoclasm_vaults_ring_large, layout_vaults_maze, uniq_saint_roka,
          uniq_margery, uniq_bai_suzhen
Vaults:4: hangedman_vaults_cutoff, nicolae_vaults_asterisk, v_rooms_4,
          ontoclasm_vaults_idyll, vaults_mumra_chevron_long,
          nicolae_vaults_diamond_2, nicolae_vaults_shrinking_rooms_1,
          v_pattern_5, vaults_standard_mumra_lines,
          nicolae_vaults_disjoint_gnomons, nicolae_vaults_little_squares_1,
          layout_vaults_omnibox
Vaults:5
Crypt:1:  layout_rooms, grunt_crypt_arrival_webbed
Crypt:2:  layout_misc_corridors, nicolae_crypt_crosshalls, grunt_megastairs_2
Crypt:3:  grunt_crypt_end_deaths_head
Tomb:1
Tomb:2
Tomb:3
Depths:1: layout_cave_pools, nicolae_abyss_entry_one_way_or_another, hell_entry,
          pan_entry, kennysheep_small_square
Depths:2: lemuel_firewalk_3, layout_cave_shapes, abyss_entry, pan_entry,
          hell_entry, hangedman_decor_clover_reticule,
          chequers_serial_rivers_micro_c, minmay_shop_grid_forest,
          minmay_fractal_squares_diagonal_5
Depths:3: minmay_nested_s, layout_cave_pools, nrook_pool_corridor,
          pf_hell_entry_tar_spiral, abyss_entry_small_statue_room
Depths:4: evilmike_zot_entry_basic, layout_cave_pools, enter_ziggurat_c,
          okawaru_ov_weapons_minmay, hell_entry, abyss_entry,
          grunt_gozag_breadcrumbs
Hell
Dis:1:    layout_gridville
Dis:2:    layout_regular_city
Dis:3:    layout_jigsaw
Dis:4:    layout_jigsaw
Dis:5:    layout_subdivisions
Dis:6:    layout_subdivisions, nicolae_dis_liches_on_tour
Dis:7:    iron_city_of_dis [dis_grunt, dis_wall_7], layout_gridville,
          nicolae_dis_step_into_the_octagon
Geh:1:    layout_gehenna_lava_caves
Geh:2:    layout_gehenna_lava_caves
Geh:3:    layout_gehenna_pools_box
Geh:4:    layout_gehenna_lava_caves
Geh:5:    layout_gehenna_pools_basic
Geh:6:    nicolae_geh_lava_swirls, layout_gehenna_pools_box
Geh:7:    geh_grunt
Coc:1:    layout_ice_bergs
Coc:2:    layout_cocytus_water_paths
Coc:3:    layout_cocytus_delve
Coc:4:    layout_ice_bergs, nicolae_hells_seeping_fissure
Coc:5:    nicolae_coc_three_mouths, layout_cocytus_water_paths
Coc:6:    layout_ice_bergs
Coc:7:    coc_grunt
Tar:1:    layout_grid_maze
Tar:2:    layout_catacombs
Tar:3:    layout_catacombs
Tar:4:    layout_honeycomb
Tar:5:    layout_cathedral_of_symmetry
Tar:6:    nicolae_tar_fifth_circle, layout_cathedral_of_symmetry
Tar:7:    tar_old
Zot:1:    circus_mu, layout_cellular_growth, regret_index_zotdec_ex
Zot:2:    lemuel_draconian_sentries, layout_misc_corridors,
          regret_index_zotdec_zees
Zot:3:    layout_twisted_circle, regret_index_zotdec_magical_s,
          lemuel_baited_zot_trap
Zot:4:    cheibrodos_zot_enchanting_chambers, layout_cellular_growth
Zot:5:    layout_misc_corridors

Skill      XL: |  1  2  3  4  5  6  7  8  9 10 11 12 13 14 15 16 17 18 19 20 21 22 23 24 25 26 27 |
---------------+----------------------------------------------------------------------------------+-----
Fire Magic     | 4 5 6 7 11 12 13 14 17 18 20 22 23 25 26 27 | 27.0
Axes           | 4 6 8 9 10 12 18 21 27 | 27.0
Fighting       | 4 5 6 7 8 9 11 12 13 15 17 19 20 27 | 27.0
Conjurations   | 2 7 10 11 14 27 | 27.0
Spellcasting   | 2 3 4 5 6 7 9 11 12 13 14 16 17 27 | 27.0
Evocations     | 2 4 5 7 9 10 12 16 | 16.0
Armour         | 4 8 11 12 14 15 17 21 23 27 | 27.0
Stealth        | 2 11 | 11.6
Translocations | 2 |  2.0
Dodging        | 3 4 7 8 18 | 18.1
Alchemy        | 1 3 4 5 7 |  7.0
Shields        | 6 9 10 12 13 15 22 | 22.6
Throwing       | 1 3 |  3.0
Air Magic      | 2 19 | 19.7
Necromancy     | 2 21 | 21.5
Shapeshifting  | 23 | 23.0

Action                     |  1- 3 |  4- 6 |  7- 9 | 10-12 | 13-15 | 16-18 | 19-21 | 22-24 | 25-27 || total
---------------------------+-------+-------+-------+-------+-------+-------+-------+-------+-------++-------
  Melee: Hand axe          |   129 |    79 |   317 |   797 |   559 |       |       |       |       ||  1881
         Unarmed           |       |     5 |       |       |       |       |       |       |     1 ||     6
         War axe           |       |       |       |       |   475 |  1378 |  1723 |   152 |       ||  3728
         Broad axe         |       |       |       |       |       |       |       |  1473 |   330 ||  1803
         Labrys            |       |       |       |       |       |       |       |       |  8218 ||  8218
         Headbutt          |       |       |       |       |       |       |       |       |    42 ||    42
  Throw: Boomerang         |       |       |       |    13 |     2 |       |       |       |       ||    15
         Throwing net      |       |       |       |       |       |       |       |       |     1 ||     1
   Cast: Foxfire           |     3 |       |       |       |       |     1 |       |       |       ||     4
         Scorch            |     2 |    36 |   133 |    67 |    25 |     5 |     5 |       |     1 ||   274
         Sticky Flame      |       |       |       |    44 |    73 |     4 |     1 |     1 |       ||   123
         Mephitic Cloud    |       |       |       |       |     1 |     2 |     2 |     1 |       ||     6
         Starburst         |       |       |       |       |     6 |    79 |    31 |     7 |     1 ||   124
         Blink             |       |       |       |       |     1 |       |       |       |     5 ||     6
         Olgreb's Toxic Ra |       |       |       |       |       |     2 |     4 |     3 |     6 ||    15
         Ignite Poison     |       |       |       |       |       |     1 |     2 |     1 |       ||     4
         Fireball          |       |       |       |       |       |       |    18 |     4 |    20 ||    42
         Ignition          |       |       |       |       |       |       |    29 |   171 |   403 ||   603
         Irradiate         |       |       |       |       |       |       |       |       |    39 ||    39
         Fire Storm        |       |       |       |       |       |       |       |       |   315 ||   315
         Orb of Destructio |       |       |       |       |       |       |       |       |    82 ||    82
         Fugue of the Fall |       |       |       |       |       |       |       |       |    38 ||    38
         Death Channel     |       |       |       |       |       |       |       |       |    18 ||    18
         Vhi's Electric Ch |       |       |       |       |       |       |       |       |     3 ||     3
         Swiftness         |       |       |       |       |       |       |       |       |     3 ||     3
         Chain Lightning   |       |       |       |       |       |       |       |       |     2 ||     2
 Invoke: Fiery Armour      |       |       |       |     4 |     2 |       |       |       |       ||     6
         Rising Flame      |       |       |       |       |     1 |       |       |       |       ||     1
         Call Merchant     |       |       |       |       |     2 |     1 |     3 |     3 |     9 ||    18
         Potion Petition   |       |       |       |       |       |       |     1 |       |    39 ||    40
         Bribe Branch      |       |       |       |       |       |       |       |       |     2 ||     2
  Evoke: Wand              |       |       |     1 |     6 |    22 |     2 |     1 |     8 |    47 ||    87
         Condenser vane    |       |       |       |       |     1 |     1 |       |       |     5 ||     7
         Phial of floods   |       |       |       |       |     1 |       |       |       |       ||     1
         Lightning rod     |       |       |       |       |       |     3 |       |       |    11 ||    14
         Phantom mirror    |       |       |       |       |       |       |     1 |     1 |     2 ||     4
         Figurine of a zig |       |       |       |       |       |       |       |       |     1 ||     1
    Use: Scroll            |       |       |    10 |     6 |    15 |     7 |     4 |     9 |    70 ||   121
         Potion            |       |       |       |     5 |     6 |     4 |     6 |     6 |   112 ||   139
   Stab: Invisible         |       |       |     1 |       |     2 |       |     3 |       |     7 ||    13
         Paralysed         |       |       |       |     3 |     6 |     1 |       |     5 |       ||    15
         Distracted        |       |       |       |       |       |    11 |    14 |    12 |    97 ||   134
         Confused          |       |       |       |       |       |     3 |     1 |       |       ||     4
         Held in net/web   |       |       |       |       |       |       |       |       |     4 ||     4
         Petrified         |       |       |       |       |       |       |       |       |     3 ||     3
 Armour: Robe              |    53 |       |       |       |       |       |       |       |       ||    53
         Ring mail         |    13 |    63 |   394 |   772 |  1093 |   562 |       |       |       ||  2897
         Skin              |       |     2 |       |       |       |       |       |       |       ||     2
         Gold dragon scale |       |       |       |       |       |   515 |  1303 |  1479 |  5587 ||  8884
  Dodge: Dodged            |    71 |    45 |   239 |   396 |   484 |   293 |   217 |   365 |  2277 ||  4387
  Block: Kite shield       |       |       |       |   297 |   579 |   982 |  1220 |  1210 |  5510 ||  9798
         Form:             |       |       |       |       |       |       |       |       |     1 ||     1
         Death             |       |       |       |       |       |       |       |       |     1 ||     1

Table legend: (Time is in decaauts)
 A = Elapsed time spent in this place.
 B = Non-inter-level travel time spent in this place.
 C = Inter-level travel time spent in this place.
 D = Time resting spent in this place.
 E = Time spent auto-exploring this place.
 F = Levels seen in this place.
 G = Mean time per level.
                   A        B        C        D        E       F      G
               +--------+--------+--------+--------+--------+-----+--------+
         Total | 137528 | 124186 |  13342 |  16259 |  68182 | 166 |  828.5 |
       Dungeon |  21814 |  17191 |   4623 |   1532 |  12060 |  15 | 1454.3 |
        Temple |     32 |      1 |     31 |      0 |      0 |   1 |   32.0 |
          Lair |   8955 |   8016 |    939 |    939 |   5392 |   5 | 1791.0 |
        Shoals |   5071 |   4582 |    489 |      7 |   3558 |   4 | 1267.8 |
   Spider Nest |   5556 |   5346 |    210 |    342 |   3811 |   4 | 1389.0 |
    Slime Pits |   3753 |   3658 |     95 |   1089 |   1605 |   5 |  750.6 |
  Orcish Mines |   2885 |   2704 |    181 |    674 |   1371 |   2 | 1442.5 |
   Elven Halls |   4982 |   4848 |    134 |   1392 |   2379 |   3 | 1660.7 |
        Vaults |   9202 |   8084 |   1118 |    943 |   5395 |   5 | 1840.4 |
         Crypt |   3581 |   2482 |   1099 |      0 |   1865 |   3 | 1193.7 |
          Tomb |   5904 |   5468 |    436 |   1660 |   1674 |   3 | 1968.0 |
        Depths |   6572 |   5178 |   1394 |    856 |   2897 |   4 | 1643.0 |
          Hell |   2472 |   1931 |    541 |    927 |    442 |   1 | 2472.0 |
           Dis |   3921 |   3367 |    554 |    448 |    881 |   7 |  560.1 |
       Gehenna |   1969 |   1590 |    379 |    221 |    177 |   7 |  281.3 |
       Cocytus |   3891 |   3852 |     39 |   1382 |   1223 |   7 |  555.9 |
      Tartarus |   3590 |   3258 |    332 |    833 |   1179 |   7 |  512.9 |
           Zot |   6787 |   6046 |    741 |    668 |   3548 |   5 | 1357.4 |
         Abyss |   3261 |   3261 |      0 |     69 |    978 |   7 |  465.9 |
   Pandemonium |  21858 |  21858 |      0 |   2010 |  11332 |  21 | 1040.9 |
      Ziggurat |   8978 |   8978 |      0 |    227 |   5059 |  46 |  195.2 |
         Trove |    100 |    100 |      0 |      0 |      0 |   1 |  100.0 |
       Ossuary |    457 |    457 |      0 |      0 |    341 |   1 |  457.0 |
    Desolation |   1098 |   1098 |      0 |      0 |    576 |   1 | 1098.0 |
      Gauntlet |    824 |    824 |      0 |     36 |    435 |   1 |  824.0 |
               +--------+--------+--------+--------+--------+-----+--------+

Top non-repeatable levels by time:
  Tomb:1: 4057 daAuts
   Zot:1: 2593 daAuts
Vaults:4: 2525 daAuts
    Hell: 2472 daAuts
Depths:3: 2381 daAuts
    D:12: 2208 daAuts
  Lair:3: 2180 daAuts
Vaults:3: 2160 daAuts
   Coc:7: 2156 daAuts
   Elf:2: 2124 daAuts
    D:14: 2082 daAuts
  Lair:2: 1932 daAuts
  Lair:4: 1918 daAuts
     D:9: 1900 daAuts
    D:13: 1863 daAuts
